Workbook
Name BORRAR: #REF!
Name Cofinanciados: '[1]Con lineamiento y espacios'!$A$5:$A$82
Name DADEP2020: #REF!
Name devoluciones: #REF!
Name FD: #REF!
Name FIFI: #REF!
Name GRAL: #REF!
Name MINISTERIO_1: '[2]Directorio 12-19'!$C$14:$L$3394
Name N: #REF!
Name OBSERVACION: #REF!
Name PDD: #REF!
Name sociales: [3]Hoja1!$1:$1048576
Name tenencia: #REF!
Name TSEdna: #REF!
Name Unidades: [4]Coberturas!$A$3:$A$96

Sheet Oferta Economica
A2: FORMATO OFERTA ECONOMICA
B5: 1. TARIFA REGULADA PERSONAL: RESOLUCIO_N Nº 20251000059517CS DE 08-08-2025- POR LA CUAL SE ACTUALIZA LA TARIFA MINIMA DE LOS SERVICIOS DE VIGILANCIA Y SEGURIDAD PRIVADA
B7: Tarifa del 1 al 30 de Noviembre de 2025
B8: SERVICIO | C8: TOTAL PUESTOS | D8: DIAS TOTALES | E8: DIAS PRESTADOS | F8: Valor Prima Seguro de Vida Por Persona | G8: Numero de Personas Requeridas | H8: Valor Prima Seguro de Vida servicio | I8: TARIFA | J8: AYS | K8: TARIFA + A y S | L8: Impuesto de Timbre | M8: BASE IVA | N8: IVA 19% | O8: VALOR UNITARIO MENSUAL | P8: MESES | Q8: SUBTOTAL MENSUAL
B9: Vigilancia modalidad fija, Lunes a Domingo (Incluido Festivos) veinticuatro (24) horas, con arma y con medio de comunicación. | C9: 131 | D9: 30 | E9: 30 | F9: =+$F$104 -> 2420 | G9: 3 | H9: =+F9*G9 -> 7260 | I9: =ROUND(((((C16*C15)+H9)/30)*E9),0) -> 13573215 | J9: =ROUND((I9*0.1),0) -> 1357322 | K9: =ROUND((J9+I9),0) -> 14930537 | L9: =ROUND(K9*$C$18,0) -> 74653 | M9: =ROUND((K9*0.1),0) -> 1493054 | N9: =ROUND((M9*0.19),0) -> 283680 | O9: =ROUND(+K9+N9+L9,0) -> 15288870 | P9: 1 | Q9: =ROUND((O9*C9),0) -> 2002841970
B10: Vigilancia modalidad fija, Lunes a Domingo (Incluido Festivos) veinticuatro (24) horas, sin arma y con medio de comunicación. | C10: 40 | D10: 30 | E10: 30 | F10: =+$F$104 -> 2420 | G10: 3 | H10: =+F10*G10 -> 7260 | I10: =ROUND(((((C16*C15)+H10)/30)*E10),0) -> 13573215 | J10: =ROUND((I10*0.08),0) -> 1085857 | K10: =ROUND((J10+I10),0) -> 14659072 | L10: =ROUND(K10*$C$18,0) -> 73295 | M10: =ROUND((K10*0.1),0) -> 1465907 | N10: =ROUND((M10*0.19),0) -> 278522 | O10: =ROUND(+K10+N10+L10,0) -> 15010889 | P10: 1 | Q10: =ROUND((O10*C10),0) -> 600435560
B11: Operario de vigilancia movil, Lunes a Domingo (Incluido Festivos) veinticuatro (24) horas, con arma y con medio de comunicación. | C11: 9 | D11: 30 | E11: 30 | F11: =+$F$104 -> 2420 | G11: 3 | H11: =+F11*G11 -> 7260 | I11: =ROUND(((((C16*C15)+H11)/30)*E11),0) -> 13573215 | J11: =ROUND((I11*0.1),0) -> 1357322 | K11: =ROUND((J11+I11),0) -> 14930537 | L11: =ROUND(K11*$C$18,0) -> 74653 | M11: =ROUND((K11*0.1),0) -> 1493054 | N11: =ROUND((M11*0.19),0) -> 283680 | O11: =ROUND(+K11+N11+L11,0) -> 15288870 | P11: 1 | Q11: =ROUND((O11*C11),0) -> 137599830
B12: Operario de vigilancia movil, Lunes a Domingo (Incluido Festivos) doce (12) horas diurno, con arma y con medio de comunicación. | C12: 20 | D12: 30 | E12: 30 | F12: =+$F$104 -> 2420 | G12: 1.68 | H12: =+H9*55.97%/15*12 -> 3250.7376 | I12: =ROUND((((C16*C15+H9)*55.97%/15*12)/30*E12),0) -> 6077543 | J12: =ROUND((I12*0.1),0) -> 607754 | K12: =ROUND((I12+J12),0) -> 6685297 | L12: =ROUND(K12*$C$18,0) -> 33426 | M12: =ROUND((K12*0.1),0) -> 668530 | N12: =ROUND((M12*0.19),0) -> 127021 | O12: =ROUND(+K12+N12+L12,0) -> 6845744 | P12: 1 | Q12: =ROUND((O12*C12),0) -> 136914880
B13: TOTAL VIGILANCIA HUMANA MENSUAL 2025 | C13: =SUM(C9:C12) -> 200 | Q13: =SUM(Q9:Q12) -> 2877792240
B15: VALOR MENSUAL CONSTANTE | C15: 9.53
B16: SMMLV 2025 | C16: 1423500
B17: VALOR MENSUAL | C17: =+Q13 -> 2877792240 | D17: =+C17+G109+G110 -> 2932079764
B18: % IMPUESTO DE TIMBRE | C18: 0.005
B21: Tarifa del 1 al 24 de Diciembre de 2025
B22: SERVICIO | C22: TOTAL PUESTOS | D22: DIAS TOTALES | E22: DIAS PRESTADOS | F22: Valor Prima Seguro de Vida Por Persona | G22: Numero de Personas Requeridas | H22: Valor Prima Seguro de Vida servicio | I22: TARIFA | J22: AYS | K22: TARIFA + A y S | L22: Impuesto de Timbre | M22: BASE IVA | N22: IVA 19% | O22: VALOR UNITARIO MENSUAL | P22: DIAS | Q22: SUBTOTAL MENSUAL
B23: Vigilancia modalidad fija, Lunes a Domingo (Incluido Festivos) veinticuatro (24) horas, con arma y con medio de comunicación. | C23: 131 | D23: 24 | E23: 24 | F23: =+$F$104 -> 2420 | G23: 3 | H23: =+F23*G23 -> 7260 | I23: =ROUND(((((C30*C29)+H23)/30)*E23),0) -> 10858572 | J23: =ROUND((I23*0.1),0) -> 1085857 | K23: =ROUND((J23+I23),0) -> 11944429 | L23: =ROUND(K23*$C$32,0) -> 59722 | M23: =ROUND((K23*0.1),0) -> 1194443 | N23: =ROUND((M23*0.19),0) -> 226944 | O23: =ROUND(+K23+N23+L23,0) -> 12231095 | P23: 24 | Q23: =ROUND((O23*C23),0) -> 1602273445
B24: Vigilancia modalidad fija, Lunes a Domingo (Incluido Festivos) veinticuatro (24) horas, sin arma y con medio de comunicación. | C24: 40 | D24: 24 | E24: 24 | F24: =+$F$104 -> 2420 | G24: 3 | H24: =+F24*G24 -> 7260 | I24: =ROUND(((((C30*C29)+H24)/30)*E24),0) -> 10858572 | J24: =ROUND((I24*0.08),0) -> 868686 | K24: =ROUND((J24+I24),0) -> 11727258 | L24: =ROUND(K24*$C$32,0) -> 58636 | M24: =ROUND((K24*0.1),0) -> 1172726 | N24: =ROUND((M24*0.19),0) -> 222818 | O24: =ROUND(+K24+N24+L24,0) -> 12008712 | P24: 24 | Q24: =ROUND((O24*C24),0) -> 480348480
B25: Operario de vigilancia movil, Lunes a Domingo (Incluido Festivos) veinticuatro (24) horas, con arma y con medio de comunicación. | C25: 9 | D25: 24 | E25: 24 | F25: =+$F$104 -> 2420 | G25: 3 | H25: =+F25*G25 -> 7260 | I25: =ROUND(((((C30*C29)+H25)/30)*E25),0) -> 10858572 | J25: =ROUND((I25*0.1),0) -> 1085857 | K25: =ROUND((J25+I25),0) -> 11944429 | L25: =ROUND(K25*$C$32,0) -> 59722 | M25: =ROUND((K25*0.1),0) -> 1194443 | N25: =ROUND((M25*0.19),0) -> 226944 | O25: =ROUND(+K25+N25+L25,0) -> 12231095 | P25: 24 | Q25: =ROUND((O25*C25),0) -> 110079855
B26: Operario de vigilancia movil, Lunes a Domingo (Incluido Festivos) doce (12) horas diurno, con arma y con medio de comunicación. | C26: 20 | D26: 24 | E26: 24 | F26: =+$F$104 -> 2420 | G26: 1.68 | H26: =+H23*55.97%/15*12 -> 3250.7376 | I26: =ROUND((((C30*C29+H23)*55.97%/15*12)/30*E26),0) -> 4862034 | J26: =ROUND((I26*0.1),0) -> 486203 | K26: =ROUND((I26+J26),0) -> 5348237 | L26: =ROUND(K26*$C$32,0) -> 26741 | M26: =ROUND((K26*0.1),0) -> 534824 | N26: =ROUND((M26*0.19),0) -> 101617 | O26: =ROUND(+K26+N26+L26,0) -> 5476595 | P26: 24 | Q26: =ROUND((O26*C26),0) -> 109531900
B27: TOTAL VIGILANCIA HUMANA MENSUAL 2025 | C27: =SUM(C23:C26) -> 200 | Q27: =SUM(Q23:Q26) -> 2302233680
B29: VALOR MENSUAL CONSTANTE | C29: 9.53
B30: SMMLV 2025 | C30: 1423500
B31: VALOR MENSUAL | C31: =+Q27 -> 2302233680
B32: % IMPUESTO DE TIMBRE | C32: 0.005
B35: Tarifa del 25 al 31 de Diciembre de 2025
B36: SERVICIO | C36: TOTAL PUESTOS | D36: DIAS TOTALES | E36: DIAS PRESTADOS | F36: Valor Prima Seguro de Vida Por Persona | G36: Numero de Personas Requeridas | H36: Valor Prima Seguro de Vida servicio | I36: TARIFA | J36: AYS | K36: TARIFA + A y S | L36: Impuesto de Timbre | M36: BASE IVA | N36: IVA 19% | O36: VALOR UNITARIO MENSUAL | P36: Dias | Q36: SUBTOTAL MENSUAL
B37: Vigilancia modalidad fija, Lunes a Domingo (Incluido Festivos) veinticuatro (24) horas, con arma y con medio de comunicación. | C37: 131 | D37: 6 | E37: 6 | F37: =+$F$104 -> 2420 | G37: 3 | H37: =+F37*G37 -> 7260 | I37: =ROUND(((((C44*C43)+H37)/30)*E37),0) -> 2782971 | J37: =ROUND((I37*0.1),0) -> 278297 | K37: =ROUND((J37+I37),0) -> 3061268 | L37: =ROUND(K37*$C$46,0) -> 15306 | M37: =ROUND((K37*0.1),0) -> 306127 | N37: =ROUND((M37*0.19),0) -> 58164 | O37: =ROUND(+K37+N37+L37,0) -> 3134738 | P37: 6 | Q37: =ROUND((O37*C37),0) -> 410650678
B38: Vigilancia modalidad fija, Lunes a Domingo (Incluido Festivos) veinticuatro (24) horas, sin arma y con medio de comunicación. | C38: 40 | D38: 6 | E38: 6 | F38: =+$F$104 -> 2420 | G38: 3 | H38: =+F38*G38 -> 7260 | I38: =ROUND(((((C44*C43)+H38)/30)*E38),0) -> 2782971 | J38: =ROUND((I38*0.08),0) -> 222638 | K38: =ROUND((J38+I38),0) -> 3005609 | L38: =ROUND(K38*$C$46,0) -> 15028 | M38: =ROUND((K38*0.1),0) -> 300561 | N38: =ROUND((M38*0.19),0) -> 57107 | O38: =ROUND(+K38+N38+L38,0) -> 3077744 | P38: 6 | Q38: =ROUND((O38*C38),0) -> 123109760
B39: Operario de vigilancia movil, Lunes a Domingo (Incluido Festivos) veinticuatro (24) horas, con arma y con medio de comunicación. | C39: 9 | D39: 6 | E39: 6 | F39: =+$F$104 -> 2420 | G39: 3 | H39: =+F39*G39 -> 7260 | I39: =ROUND(((((C44*C43)+H39)/30)*E39),0) -> 2782971 | J39: =ROUND((I39*0.1),0) -> 278297 | K39: =ROUND((J39+I39),0) -> 3061268 | L39: =ROUND(K39*$C$46,0) -> 15306 | M39: =ROUND((K39*0.1),0) -> 306127 | N39: =ROUND((M39*0.19),0) -> 58164 | O39: =ROUND(+K39+N39+L39,0) -> 3134738 | P39: 6 | Q39: =ROUND((O39*C39),0) -> 28212642
B40: Operario de vigilancia movil, Lunes a Domingo (Incluido Festivos) doce (12) horas diurno, con arma y con medio de comunicación. | C40: 20 | D40: 6 | E40: 6 | F40: =+$F$104 -> 2420 | G40: 1.68 | H40: =+H37*55.97%/15*12 -> 3250.7376 | I40: =ROUND((((C44*C43+H37)*55.97%/15*12)/30*E40),0) -> 1246103 | J40: =ROUND((I40*0.1),0) -> 124610 | K40: =ROUND((I40+J40),0) -> 1370713 | L40: =ROUND(K40*$C$46,0) -> 6854 | M40: =ROUND((K40*0.1),0) -> 137071 | N40: =ROUND((M40*0.19),0) -> 26043 | O40: =ROUND(+K40+N40+L40,0) -> 1403610 | P40: 6 | Q40: =ROUND((O40*C40),0) -> 28072200
B41: TOTAL VIGILANCIA HUMANA MENSUAL 2025 | C41: =SUM(C37:C40) -> 200 | Q41: =SUM(Q37:Q40) -> 590045280
B43: VALOR MENSUAL CONSTANTE | C43: 9.77
B44: SMMLV 2025 | C44: 1423500
B45: VALOR MENSUAL | C45: =+Q41 -> 590045280
B46: % IMPUESTO DE TIMBRE | C46: 0.005
B49: Tarifa del 1 de enero al 30 de Junio de 2026
B50: SERVICIO | C50: TOTAL PUESTOS | D50: DIAS TOTALES | E50: DIAS PRESTADOS | F50: Valor Prima Seguro de Vida Por Persona | G50: Numero de Personas Requeridas | H50: Valor Prima Seguro de Vida servicio | I50: TARIFA | J50: AYS | K50: TARIFA + A y S | L50: Impuesto de Timbre | M50: BASE IVA | N50: IVA 19% | O50: VALOR UNITARIO MENSUAL | P50: MESES | Q50: SUBTOTAL MENSUAL | R50: VALOR TOTAL 6 MESES
B51: Vigilancia modalidad fija, Lunes a Domingo (Incluido Festivos) veinticuatro (24) horas, con arma y con medio de comunicación. | C51: 131 | D51: 30 | E51: 30 | F51: =+$F$104 -> 2420 | G51: 3 | H51: =+F51*G51 -> 7260 | I51: =ROUND(((((C58*C57)+H51)/30)*E51),0) -> 13914855 | J51: =ROUND((I51*0.1),0) -> 1391486 | K51: =ROUND((J51+I51),0) -> 15306341 | L51: =ROUND(K51*$C$61,0) -> 76532 | M51: =ROUND((K51*0.1),0) -> 1530634 | N51: =ROUND((M51*0.19),0) -> 290820 | O51: =ROUND(+K51+N51+L51,0) -> 15673693 | P51: 1 | Q51: =ROUND((O51*C51),0) -> 2053253783 | R51: =+Q51*6 -> 12319522698
B52: Vigilancia modalidad fija, Lunes a Domingo (Incluido Festivos) veinticuatro (24) horas, sin arma y con medio de comunicación. | C52: 40 | D52: 30 | E52: 30 | F52: =+$F$104 -> 2420 | G52: 3 | H52: =+F52*G52 -> 7260 | I52: =ROUND(((((C58*C57)+H52)/30)*E52),0) -> 13914855 | J52: =ROUND((I52*0.08),0) -> 1113188 | K52: =ROUND((J52+I52),0) -> 15028043 | L52: =ROUND(K52*$C$61,0) -> 75140 | M52: =ROUND((K52*0.1),0) -> 1502804 | N52: =ROUND((M52*0.19),0) -> 285533 | O52: =ROUND(+K52+N52+L52,0) -> 15388716 | P52: 1 | Q52: =ROUND((O52*C52),0) -> 615548640 | R52: =+Q52*6 -> 3693291840
B53: Operario de vigilancia movil, Lunes a Domingo (Incluido Festivos) veinticuatro (24) horas, con arma y con medio de comunicación. | C53: 9 | D53: 30 | E53: 30 | F53: =+$F$104 -> 2420 | G53: 3 | H53: =+F53*G53 -> 7260 | I53: =ROUND(((((C58*C57)+H53)/30)*E53),0) -> 13914855 | J53: =ROUND((I53*0.1),0) -> 1391486 | K53: =ROUND((J53+I53),0) -> 15306341 | L53: =ROUND(K53*$C$61,0) -> 76532 | M53: =ROUND((K53*0.1),0) -> 1530634 | N53: =ROUND((M53*0.19),0) -> 290820 | O53: =ROUND(+K53+N53+L53,0) -> 15673693 | P53: 1 | Q53: =ROUND((O53*C53),0) -> 141063237 | R53: =+Q53*6 -> 846379422
B54: Operario de vigilancia movil, Lunes a Domingo (Incluido Festivos) doce (12) horas diurno, con arma y con medio de comunicación. | C54: 20 | D54: 30 | E54: 30 | F54: =+$F$104 -> 2420 | G54: 1.68 | H54: =+H51*55.97%/15*12 -> 3250.7376 | I54: =ROUND((((C58*C57+H51)*55.97%/15*12)/30*E54),0) -> 6230515 | J54: =ROUND((I54*0.1),0) -> 623052 | K54: =ROUND((I54+J54),0) -> 6853567 | L54: =ROUND(K54*$C$61,0) -> 34268 | M54: =ROUND((K54*0.1),0) -> 685357 | N54: =ROUND((M54*0.19),0) -> 130218 | O54: =ROUND(+K54+N54+L54,0) -> 7018053 | P54: 1 | Q54: =ROUND((O54*C54),0) -> 140361060 | R54: =+Q54*6 -> 842166360
B55: TOTAL VIGILANCIA HUMANA MENSUAL 2025 | C55: =SUM(C51:C54) -> 200 | Q55: =SUM(Q51:Q54) -> 2950226720 | R55: =SUM(R51:R54) -> 17701360320
B57: VALOR MENSUAL CONSTANTE | C57: 9.77
B58: SMMLV 2025 | C58: 1423500
B59: VALOR MENSUAL | C59: =+Q55 -> 2950226720
B60: CANTIDAD DE MESES | C60: 6 | Q60: =+Q55+Q41 -> 3540272000
B61: % IMPUESTO DE TIMBRE | C61: 0.005
B64: Tarifa del 1 al 14 de Julio de 2026
B65: SERVICIO | C65: TOTAL PUESTOS | D65: DIAS TOTALES | E65: DIAS PRESTADOS | F65: Valor Prima Seguro de Vida Por Persona | G65: Numero de Personas Requeridas | H65: Valor Prima Seguro de Vida servicio | I65: TARIFA | J65: AYS | K65: TARIFA + A y S | L65: Impuesto de Timbre | M65: BASE IVA | N65: IVA 19% | O65: VALOR UNITARIO MENSUAL | P65: MESES | Q65: SUBTOTAL MENSUAL
B66: Vigilancia modalidad fija, Lunes a Domingo (Incluido Festivos) veinticuatro (24) horas, con arma y con medio de comunicación. | C66: 131 | D66: 14 | E66: 14 | F66: =+$F$104 -> 2420 | G66: 3 | H66: =+F66*G66 -> 7260 | I66: =ROUND(((((C73*C72)+H66)/30)*E66),0) -> 6546743 | J66: =ROUND((I66*0.1),0) -> 654674 | K66: =ROUND((J66+I66),0) -> 7201417 | L66: =ROUND(K66*$C$75,0) -> 36007 | M66: =ROUND((K66*0.1),0) -> 720142 | N66: =ROUND((M66*0.19),0) -> 136827 | O66: =ROUND(+K66+N66+L66,0) -> 7374251 | P66: 1 | Q66: =ROUND((O66*C66),0) -> 966026881
B67: Vigilancia modalidad fija, Lunes a Domingo (Incluido Festivos) veinticuatro (24) horas, sin arma y con medio de comunicación. | C67: 40 | D67: 14 | E67: 14 | F67: =+$F$104 -> 2420 | G67: 3 | H67: =+F67*G67 -> 7260 | I67: =ROUND(((((C73*C72)+H67)/30)*E67),0) -> 6546743 | J67: =ROUND((I67*0.08),0) -> 523739 | K67: =ROUND((J67+I67),0) -> 7070482 | L67: =ROUND(K67*$C$75,0) -> 35352 | M67: =ROUND((K67*0.1),0) -> 707048 | N67: =ROUND((M67*0.19),0) -> 134339 | O67: =ROUND(+K67+N67+L67,0) -> 7240173 | P67: 1 | Q67: =ROUND((O67*C67),0) -> 289606920
B68: Operario de vigilancia movil, Lunes a Domingo (Incluido Festivos) veinticuatro (24) horas, con arma y con medio de comunicación. | C68: 9 | D68: 14 | E68: 14 | F68: =+$F$104 -> 2420 | G68: 3 | H68: =+F68*G68 -> 7260 | I68: =ROUND(((((C73*C72)+H68)/30)*E68),0) -> 6546743 | J68: =ROUND((I68*0.1),0) -> 654674 | K68: =ROUND((J68+I68),0) -> 7201417 | L68: =ROUND(K68*$C$75,0) -> 36007 | M68: =ROUND((K68*0.1),0) -> 720142 | N68: =ROUND((M68*0.19),0) -> 136827 | O68: =ROUND(+K68+N68+L68,0) -> 7374251 | P68: 1 | Q68: =ROUND((O68*C68),0) -> 66368259
B69: Operario de vigilancia movil, Lunes a Domingo (Incluido Festivos) doce (12) horas diurno, con arma y con medio de comunicación. | C69: 20 | D69: 14 | E69: 14 | F69: =+$F$104 -> 2420 | G69: 1.68 | H69: =+H66*55.97%/15*12 -> 3250.7376 | I69: =ROUND((((C73*C72+H66)*55.97%/15*12)/30*E69),0) -> 2931370 | J69: =ROUND((I69*0.1),0) -> 293137 | K69: =ROUND((I69+J69),0) -> 3224507 | L69: =ROUND(K69*$C$75,0) -> 16123 | M69: =ROUND((K69*0.1),0) -> 322451 | N69: =ROUND((M69*0.19),0) -> 61266 | O69: =ROUND(+K69+N69+L69,0) -> 3301896 | P69: 1 | Q69: =ROUND((O69*C69),0) -> 66037920
B70: TOTAL VIGILANCIA HUMANA MENSUAL 2025 | C70: =SUM(C66:C69) -> 200 | Q70: =SUM(Q66:Q69) -> 1388039980
B72: VALOR MENSUAL CONSTANTE | C72: 9.85
B73: SMMLV 2025 | C73: 1423500
B74: VALOR MENSUAL | C74: =+Q70 -> 1388039980
B75: % IMPUESTO DE TIMBRE | C75: 0.005
B77: Tarifa del 15 al 31 de Julio de 2026
B78: SERVICIO | C78: TOTAL PUESTOS | D78: DIAS TOTALES | E78: DIAS PRESTADOS | F78: Valor Prima Seguro de Vida Por Persona | G78: Numero de Personas Requeridas | H78: Valor Prima Seguro de Vida servicio | I78: TARIFA | J78: AYS | K78: TARIFA + A y S | L78: Impuesto de Timbre | M78: BASE IVA | N78: IVA 19% | O78: VALOR UNITARIO MENSUAL | P78: MESES | Q78: SUBTOTAL MENSUAL
B79: Vigilancia modalidad fija, Lunes a Domingo (Incluido Festivos) veinticuatro (24) horas, con arma y con medio de comunicación. | C79: 131 | D79: 16 | E79: 16 | F79: =+$F$104 -> 2420 | G79: 3 | H79: =+F79*G79 -> 7260 | I79: =ROUND(((((C86*C85)+H79)/30)*E79),0) -> 7755304 | J79: =ROUND((I79*0.1),0) -> 775530 | K79: =ROUND((J79+I79),0) -> 8530834 | L79: =ROUND(K79*$C$75,0) -> 42654 | M79: =ROUND((K79*0.1),0) -> 853083 | N79: =ROUND((M79*0.19),0) -> 162086 | O79: =ROUND(+K79+N79+L79,0) -> 8735574 | P79: 1 | Q79: =ROUND((O79*C79),0) -> 1144360194
B80: Vigilancia modalidad fija, Lunes a Domingo (Incluido Festivos) veinticuatro (24) horas, sin arma y con medio de comunicación. | C80: 40 | D80: 16 | E80: 16 | F80: =+$F$104 -> 2420 | G80: 3 | H80: =+F80*G80 -> 7260 | I80: =ROUND(((((C86*C85)+H80)/30)*E80),0) -> 7755304 | J80: =ROUND((I80*0.08),0) -> 620424 | K80: =ROUND((J80+I80),0) -> 8375728 | L80: =ROUND(K80*$C$75,0) -> 41879 | M80: =ROUND((K80*0.1),0) -> 837573 | N80: =ROUND((M80*0.19),0) -> 159139 | O80: =ROUND(+K80+N80+L80,0) -> 8576746 | P80: 1 | Q80: =ROUND((O80*C80),0) -> 343069840
B81: Operario de vigilancia movil, Lunes a Domingo (Incluido Festivos) veinticuatro (24) horas, con arma y con medio de comunicación. | C81: 9 | D81: 16 | E81: 16 | F81: =+$F$104 -> 2420 | G81: 3 | H81: =+F81*G81 -> 7260 | I81: =ROUND(((((C86*C85)+H81)/30)*E81),0) -> 7755304 | J81: =ROUND((I81*0.1),0) -> 775530 | K81: =ROUND((J81+I81),0) -> 8530834 | L81: =ROUND(K81*$C$75,0) -> 42654 | M81: =ROUND((K81*0.1),0) -> 853083 | N81: =ROUND((M81*0.19),0) -> 162086 | O81: =ROUND(+K81+N81+L81,0) -> 8735574 | P81: 1 | Q81: =ROUND((O81*C81),0) -> 78620166
B82: Operario de vigilancia movil, Lunes a Domingo (Incluido Festivos) doce (12) horas diurno, con arma y con medio de comunicación. | C82: 20 | D82: 16 | E82: 16 | F82: =+$F$104 -> 2420 | G82: 1.68 | H82: =+H79*55.97%/15*12 -> 3250.7376 | I82: =ROUND((((C86*C85+H79)*55.97%/15*12)/30*E82),0) -> 3472515 | J82: =ROUND((I82*0.1),0) -> 347252 | K82: =ROUND((I82+J82),0) -> 3819767 | L82: =ROUND(K82*$C$75,0) -> 19099 | M82: =ROUND((K82*0.1),0) -> 381977 | N82: =ROUND((M82*0.19),0) -> 72576 | O82: =ROUND(+K82+N82+L82,0) -> 3911442 | P82: 1 | Q82: =ROUND((O82*C82),0) -> 78228840
B83: TOTAL VIGILANCIA HUMANA MENSUAL 2025 | C83: =SUM(C79:C82) -> 200 | Q83: =SUM(Q79:Q82) -> 1644279040
B85: VALOR MENSUAL CONSTANTE | C85: 10.21
B86: SMMLV 2025 | C86: 1423500
B87: VALOR MENSUAL | C87: =+Q83 -> 1644279040
B88: % IMPUESTO DE TIMBRE | C88: 0.005
B90: Tarifa del 1 de agosto al 31 de diciembre de 2026
B91: SERVICIO | C91: TOTAL PUESTOS | D91: DIAS TOTALES | E91: DIAS PRESTADOS | F91: Valor Prima Seguro de Vida Por Persona | G91: Numero de Personas Requeridas | H91: Valor Prima Seguro de Vida servicio | I91: TARIFA | J91: AYS | K91: TARIFA + A y S | L91: Impuesto de Timbre | M91: BASE IVA | N91: IVA 19% | O91: VALOR UNITARIO MENSUAL | P91: MESES | Q91: SUBTOTAL MENSUAL
B92: Vigilancia modalidad fija, Lunes a Domingo (Incluido Festivos) veinticuatro (24) horas, con arma y con medio de comunicación. | C92: 131 | D92: 30 | E92: 30 | F92: =+$F$104 -> 2420 | G92: 3 | H92: =+F92*G92 -> 7260 | I92: =ROUND(((((C99*C98)+H92)/30)*E92),0) -> 14541195 | J92: =ROUND((I92*0.1),0) -> 1454120 | K92: =ROUND((J92+I92),0) -> 15995315 | L92: =ROUND(K92*$C$75,0) -> 79977 | M92: =ROUND((K92*0.1),0) -> 1599532 | N92: =ROUND((M92*0.19),0) -> 303911 | O92: =ROUND(+K92+N92+L92,0) -> 16379203 | P92: 1 | Q92: =ROUND((O92*C92),0) -> 2145675593
B93: Vigilancia modalidad fija, Lunes a Domingo (Incluido Festivos) veinticuatro (24) horas, sin arma y con medio de comunicación. | C93: 40 | D93: 30 | E93: 30 | F93: =+$F$104 -> 2420 | G93: 3 | H93: =+F93*G93 -> 7260 | I93: =ROUND(((((C99*C98)+H93)/30)*E93),0) -> 14541195 | J93: =ROUND((I93*0.08),0) -> 1163296 | K93: =ROUND((J93+I93),0) -> 15704491 | L93: =ROUND(K93*$C$75,0) -> 78522 | M93: =ROUND((K93*0.1),0) -> 1570449 | N93: =ROUND((M93*0.19),0) -> 298385 | O93: =ROUND(+K93+N93+L93,0) -> 16081398 | P93: 1 | Q93: =ROUND((O93*C93),0) -> 643255920
B94: Operario de vigilancia movil, Lunes a Domingo (Incluido Festivos) veinticuatro (24) horas, con arma y con medio de comunicación. | C94: 9 | D94: 30 | E94: 30 | F94: =+$F$104 -> 2420 | G94: 3 | H94: =+F94*G94 -> 7260 | I94: =ROUND(((((C99*C98)+H94)/30)*E94),0) -> 14541195 | J94: =ROUND((I94*0.1),0) -> 1454120 | K94: =ROUND((J94+I94),0) -> 15995315 | L94: =ROUND(K94*$C$75,0) -> 79977 | M94: =ROUND((K94*0.1),0) -> 1599532 | N94: =ROUND((M94*0.19),0) -> 303911 | O94: =ROUND(+K94+N94+L94,0) -> 16379203 | P94: 1 | Q94: =ROUND((O94*C94),0) -> 147412827
B95: Operario de vigilancia movil, Lunes a Domingo (Incluido Festivos) doce (12) horas diurno, con arma y con medio de comunicación. | C95: 20 | D95: 30 | E95: 30 | F95: =+$F$104 -> 2420 | G95: 1.68 | H95: =+H92*55.97%/15*12 -> 3250.7376 | I95: =ROUND((((C99*C98+H92)*55.97%/15*12)/30*E95),0) -> 6510965 | J95: =ROUND((I95*0.1),0) -> 651097 | K95: =ROUND((I95+J95),0) -> 7162062 | L95: =ROUND(K95*$C$75,0) -> 35810 | M95: =ROUND((K95*0.1),0) -> 716206 | N95: =ROUND((M95*0.19),0) -> 136079 | O95: =ROUND(+K95+N95+L95,0) -> 7333951 | P95: 1 | Q95: =ROUND((O95*C95),0) -> 146679020
B96: TOTAL VIGILANCIA HUMANA MENSUAL 2025 | C96: =SUM(C92:C95) -> 200 | Q96: =SUM(Q92:Q95) -> 3083023360
B98: VALOR MENSUAL CONSTANTE | C98: 10.21
B99: SMMLV 2025 | C99: 1423500
B100: VALOR MENSUAL | C100: =+Q96 -> 3083023360
B101: % IMPUESTO DE TIMBRE | C101: 0.005
Q103: =+Q83+Q70 -> 3032319020
B104: 2. VALOR INDIVIDUAL DE LA PRIMA DEL SEGURO DE VIDA OFERTADA POR EL PROPONENTE | F104: 2420 | G104: En este campo se debe diligenciar el valor unitario mensual correspondiente al valor individual de la prima del seguro de vida ofertada por el proponente sin exceder el valor unitario mensual ($ 4.500) calculado por el FRV. So pena de Causal de Rechazo | Q104: =+Q103-Q101 -> 3032319020
B107: 3. SERVICIOS ADICIONALES DE APOYO AL SERVICIO DE VIGILANCIA
B108: SERVICIO | C108: CANTIDAD | D108: VALOR MENSUAL UNITARIO IVA INCLUIDO | E108: PLAZO (MESES) | F108: VALOR TOTAL
B109: Servicio de apoyo de vigilancia (moto) cilindraje mínimo 150 CC, modelo mínimo 2020, incluye (Combustible, SOAT (seguro obligatorio de accidentes de tránsito); Certificado de revisión técnico-mecánica (si aplica), mantenimiento, entre otros.) para vigilancia móvil, lunes a Domingo (Incluido Festivos) doce (12) horas diurno | C109: 20 | D109: 1346081 | E109: 9 | F109: =+(D109*C109)*E109 -> 242294580 | G109: =+C109*D109 -> 26921620 | H109: =ROUND((G109/30)*14,0) -> 12563423 | I109: =+ROUND((G109/30)*16,0) -> 14358197
B110: Servicio de apoyo de vigilancia (moto) cilindraje mínimo 150 CC, modelo mínimo 2020, incluye (Combustible, SOAT (seguro obligatorio de accidentes de tránsito); Certificado de revisión técnico-mecánica (si aplica), mantenimiento, entre otros.) para vigilancia móvil, lunes a Domingo (Incluido Festivos) veinticuatro (24) horas | C110: 9 | D110: 3040656 | E110: 9 | F110: =+(D110*C110)*E110 -> 246293136 | G110: =+C110*D110 -> 27365904 | H110: =ROUND((G110/30)*14,0) -> 12770755 | I110: =+ROUND((G110/30)*16,0) -> 14595149
F111: =SUM(F109:F110) -> 488587716 | G111: =SUM(G109:G110) -> 54287524 | H111: =+G111+C17 -> 2932079764 | I111: =+G110+G109+C31+C45 -> 2946566484
B113: PORCENTAJE DE DESCUENTO PARA (Cooperativa o Consorcio o Unión Temporal cuyos integrantes sean en su totalidad Cooperativas) Maximo 10% | I113: Este campo unicamente se debe diligenciar en el evento que el proponente sea una Cooperativa o Consorcio o Unión Temporal cuyos integrantes sean en su totalidad Cooperativas, el FRV pagará el servicio de vigilancia con recurso humano, con un descuento de hasta el diez por ciento (10%) sobre el valor establecido en el presupuesto oficial de la Entidad para los servicios de Vigilancia y Seguridad Privada con recurso humano. Este porcentaje será aplicado unicamente para determinar el valor del contrato, este descuento no será tenido en cuenta en la fase de evaluación de las ofertas, solo se hará efectivo en caso que sean adjudicatarios del proceso.
B115: 1. VALOR TOTAL DE SU OFERTA ECONÓMICA (PERSONAL + SERVICIOS ADICIONALES) | H115: =+H116+H117 -> 26992338256
B116: 2. VALOR TOTAL DE SU OFERTA ECONÓMICA (PERSONAL) | H116: =+Q13+Q27+Q41+R55+Q70+Q83 -> 26503750540
B117: 3. VALOR TOTAL DE SU OFERTA ECONÓMICA (SERVICIOS ADICIONALES) | H117: =+F111 -> 488587716
B118: 4. VALOR MENSUAL DE SU OFERTA ECONÓMICA (SERVICIOS ADICIONALES) | H118: =+H117/9 -> 54287524
B121: Notas: Nota 1: El Valor Total de la Oferta Economica para el PERSONAL debe ser menor o igual al valor total calculado por el FRV dentro de los estudios previos numeral 2.9 Presupuesto Oficial Estimado y dentro del archivo denominado (Presupuesto Oficial) que soportan el valor del contrato (Valor del Personal), so pena de causal de rechazo. Nota 2: El Valor Mensual Ofertado para los servicios adicionales debe ser menor o igual al Valor Total Mensual de Referencia, so pena de rechazo. Nota 3: Los precios unitarios ofertados para los servicios adicionales deben ser menores o iguales a los precios unitarios de referencia, so pena de rechazo. Nota 4: Los precios unitarios ofertados no deben incluir decimales, en caso de que se presenten precios con decimales se aplicará la metodologia de correción aritmetica de redondeo. Nota 5: Para facilitar el diligenciamiento del formato se recomienda inlcuir los precios en las casilla señaladas en color GRIS (Celdas F92, D97 Y D98), no obstante es respondabildiad del proponente realizar las operaciones correpondientes. Nota 6: PRIMA SEGURO DE VIDA: El Valor individual de la prima del seguro de vida ofertada por el proponente, permitira al FRV conocer de manera detallada el valor ofertado por dicho concepto para efectos de facturaciòn y para la determinaciòn del valor total del contrato, lo anterior dado que cada uno de los proponentes tienen un valor individual de la prima del seguro de vida diferente. Nota 6: La presentación de la propuesta constituye una manifestación explícita de que el Proponente ha efectuado un estudio completo de la documentación que compone el presente proceso de contratación, el objeto a contratar, precios, plazos, especificaciones técnicas, económicas y/o financieras, condiciones de ejecución del contrato y demás elementos que influyan directa e indirectamente durante la ejecución del contrato sobre el valor de su oferta; por lo tanto, el Proponente debe proyectar sus Valores de Oferta Económica de forma responsable y serán de exclusiva responsabilidad del Proponente. Nota 7: El FRV sólo reconocerá reajustes en cuanto la ejecución del con contrato quede cobijada por el cambio de vigencia, única y exclusivamente en lo que tiene que ver con el salario del personal de vigilancia que presta los servicios, de acuerdo con el incremento porcentual decretado por el Gobierno Nacional y que será fijado de acuerdo con las circulares que para ello expida anualmente la Superintendencia de Vigilancia y Seguridad Privada.

Sheet Ajuste Tarifa 2026
A2: FORMATO OFERTA ECONOMICA
B5: 1. TARIFA REGULADA PERSONAL: RESOLUCIO_N Nº 20251000059517CS DE 08-08-2025- POR LA CUAL SE ACTUALIZA LA TARIFA MINIMA DE LOS SERVICIOS DE VIGILANCIA Y SEGURIDAD PRIVADA 2.CIRCULAR EXTERNA 20251300000115CS - TARIFAS MINIMAS 25 a 31 de Diciembre 2025 y Vigencia 2026
B7: Tarifa del 1 al 30 de Noviembre de 2025
B8: SERVICIO | C8: TOTAL PUESTOS | D8: DIAS TOTALES | E8: DIAS PRESTADOS | F8: Valor Prima Seguro de Vida Por Persona | G8: Numero de Personas Requeridas | H8: Valor Prima Seguro de Vida servicio | I8: TARIFA | J8: AYS | K8: TARIFA + A y S | L8: Impuesto de Timbre | M8: BASE IVA | N8: IVA 19% | O8: VALOR UNITARIO MENSUAL | P8: MESES | Q8: SUBTOTAL MENSUAL
B9: Vigilancia modalidad fija, Lunes a Domingo (Incluido Festivos) veinticuatro (24) horas, con arma y con medio de comunicación. | C9: 131 | D9: 30 | E9: 30 | F9: =+$F$105 -> 2420 | G9: 3 | H9: =+F9*G9 -> 7260 | I9: =ROUND(((((C16*C15)+H9)/30)*E9),0) -> 13573215 | J9: =ROUND((I9*0.1),0) -> 1357322 | K9: =ROUND((J9+I9),0) -> 14930537 | L9: 74653 | M9: =ROUND((K9*0.1),0) -> 1493054 | N9: =ROUND((M9*0.19),0) -> 283680 | O9: =ROUND(+K9+N9+L9,0) -> 15288870 | P9: 1 | Q9: =ROUND((O9*C9),0) -> 2002841970
B10: Vigilancia modalidad fija, Lunes a Domingo (Incluido Festivos) veinticuatro (24) horas, sin arma y con medio de comunicación. | C10: 40 | D10: 30 | E10: 30 | F10: =+$F$105 -> 2420 | G10: 3 | H10: =+F10*G10 -> 7260 | I10: =ROUND(((((C16*C15)+H10)/30)*E10),0) -> 13573215 | J10: =ROUND((I10*0.08),0) -> 1085857 | K10: =ROUND((J10+I10),0) -> 14659072 | L10: 73295 | M10: =ROUND((K10*0.1),0) -> 1465907 | N10: =ROUND((M10*0.19),0) -> 278522 | O10: =ROUND(+K10+N10+L10,0) -> 15010889 | P10: 1 | Q10: =ROUND((O10*C10),0) -> 600435560
B11: Operario de vigilancia movil, Lunes a Domingo (Incluido Festivos) veinticuatro (24) horas, con arma y con medio de comunicación. | C11: 9 | D11: 30 | E11: 30 | F11: =+$F$105 -> 2420 | G11: 3 | H11: =+F11*G11 -> 7260 | I11: =ROUND(((((C16*C15)+H11)/30)*E11),0) -> 13573215 | J11: =ROUND((I11*0.1),0) -> 1357322 | K11: =ROUND((J11+I11),0) -> 14930537 | L11: 74653 | M11: =ROUND((K11*0.1),0) -> 1493054 | N11: =ROUND((M11*0.19),0) -> 283680 | O11: =ROUND(+K11+N11+L11,0) -> 15288870 | P11: 1 | Q11: =ROUND((O11*C11),0) -> 137599830
B12: Operario de vigilancia movil, Lunes a Domingo (Incluido Festivos) doce (12) horas diurno, con arma y con medio de comunicación. | C12: 20 | D12: 30 | E12: 30 | F12: =+$F$105 -> 2420 | G12: 1.68 | H12: =+H9*55.97%/15*12 -> 3250.7376 | I12: =ROUND((((C16*C15+H9)*55.97%/15*12)/30*E12),0) -> 6077543 | J12: =ROUND((I12*0.1),0) -> 607754 | K12: =ROUND((I12+J12),0) -> 6685297 | L12: 33426 | M12: =ROUND((K12*0.1),0) -> 668530 | N12: =ROUND((M12*0.19),0) -> 127021 | O12: =ROUND(+K12+N12+L12,0) -> 6845744 | P12: 1 | Q12: =ROUND((O12*C12),0) -> 136914880
B13: TOTAL VIGILANCIA HUMANA MENSUAL 2025 | C13: =SUM(C9:C12) -> 200 | Q13: =SUM(Q9:Q12) -> 2877792240
B15: VALOR MENSUAL CONSTANTE | C15: 9.53
B16: SMMLV 2025 | C16: 1423500
B17: VALOR MENSUAL | C17: =+Q13 -> 2877792240
B18: % IMPUESTO DE TIMBRE | C18: 0.005
B21: Tarifa del 1 al 24 de Diciembre de 2025
B22: SERVICIO | C22: TOTAL PUESTOS | D22: DIAS TOTALES | E22: DIAS PRESTADOS | F22: Valor Prima Seguro de Vida Por Persona | G22: Numero de Personas Requeridas | H22: Valor Prima Seguro de Vida servicio | I22: TARIFA | J22: AYS | K22: TARIFA + A y S | L22: Impuesto de Timbre | M22: BASE IVA | N22: IVA 19% | O22: VALOR UNITARIO MENSUAL | P22: DIAS | Q22: SUBTOTAL MENSUAL
B23: Vigilancia modalidad fija, Lunes a Domingo (Incluido Festivos) veinticuatro (24) horas, con arma y con medio de comunicación. | C23: 131 | D23: 24 | E23: 24 | F23: =+$F$105 -> 2420 | G23: 3 | H23: =+F23*G23 -> 7260 | I23: =ROUND(((((C30*C29)+H23)/30)*E23),0) -> 10858572 | J23: =ROUND((I23*0.1),0) -> 1085857 | K23: =ROUND((J23+I23),0) -> 11944429 | L23: 59722 | M23: =ROUND((K23*0.1),0) -> 1194443 | N23: =ROUND((M23*0.19),0) -> 226944 | O23: =ROUND(+K23+N23+L23,0) -> 12231095 | P23: 24 | Q23: =ROUND((O23*C23),0) -> 1602273445
B24: Vigilancia modalidad fija, Lunes a Domingo (Incluido Festivos) veinticuatro (24) horas, sin arma y con medio de comunicación. | C24: 40 | D24: 24 | E24: 24 | F24: =+$F$105 -> 2420 | G24: 3 | H24: =+F24*G24 -> 7260 | I24: =ROUND(((((C30*C29)+H24)/30)*E24),0) -> 10858572 | J24: =ROUND((I24*0.08),0) -> 868686 | K24: =ROUND((J24+I24),0) -> 11727258 | L24: 58636 | M24: =ROUND((K24*0.1),0) -> 1172726 | N24: =ROUND((M24*0.19),0) -> 222818 | O24: =ROUND(+K24+N24+L24,0) -> 12008712 | P24: 24 | Q24: =ROUND((O24*C24),0) -> 480348480
B25: Operario de vigilancia movil, Lunes a Domingo (Incluido Festivos) veinticuatro (24) horas, con arma y con medio de comunicación. | C25: 9 | D25: 24 | E25: 24 | F25: =+$F$105 -> 2420 | G25: 3 | H25: =+F25*G25 -> 7260 | I25: =ROUND(((((C30*C29)+H25)/30)*E25),0) -> 10858572 | J25: =ROUND((I25*0.1),0) -> 1085857 | K25: =ROUND((J25+I25),0) -> 11944429 | L25: 59722 | M25: =ROUND((K25*0.1),0) -> 1194443 | N25: =ROUND((M25*0.19),0) -> 226944 | O25: =ROUND(+K25+N25+L25,0) -> 12231095 | P25: 24 | Q25: =ROUND((O25*C25),0) -> 110079855
B26: Operario de vigilancia movil, Lunes a Domingo (Incluido Festivos) doce (12) horas diurno, con arma y con medio de comunicación. | C26: 20 | D26: 24 | E26: 24 | F26: =+$F$105 -> 2420 | G26: 1.68 | H26: =+H23*55.97%/15*12 -> 3250.7376 | I26: =ROUND((((C30*C29+H23)*55.97%/15*12)/30*E26),0) -> 4862034 | J26: =ROUND((I26*0.1),0) -> 486203 | K26: =ROUND((I26+J26),0) -> 5348237 | L26: 26741 | M26: =ROUND((K26*0.1),0) -> 534824 | N26: =ROUND((M26*0.19),0) -> 101617 | O26: =ROUND(+K26+N26+L26,0) -> 5476595 | P26: 24 | Q26: =ROUND((O26*C26),0) -> 109531900
B27: TOTAL VIGILANCIA HUMANA MENSUAL 2025 | C27: =SUM(C23:C26) -> 200 | Q27: =SUM(Q23:Q26) -> 2302233680
B29: VALOR MENSUAL CONSTANTE | C29: 9.53
B30: SMMLV 2025 | C30: 1423500
B31: VALOR MENSUAL | C31: =+Q27 -> 2302233680
B32: % IMPUESTO DE TIMBRE | C32: 0.005
B35: Tarifa del 25 al 31 de Diciembre de 2025
B36: SERVICIO | C36: TOTAL PUESTOS | D36: DIAS TOTALES | E36: DIAS PRESTADOS | F36: Valor Prima Seguro de Vida Por Persona | G36: Numero de Personas Requeridas | H36: Valor Prima Seguro de Vida servicio | I36: TARIFA | J36: AYS | K36: TARIFA + A y S | L36: Impuesto de Timbre | M36: BASE IVA | N36: IVA 19% | O36: VALOR UNITARIO MENSUAL | P36: Dias | Q36: SUBTOTAL MENSUAL
B37: Vigilancia modalidad fija, Lunes a Domingo (Incluido Festivos) veinticuatro (24) horas, con arma y con medio de comunicación. | C37: 131 | D37: 6 | E37: 6 | F37: =+$F$105 -> 2420 | G37: 3 | H37: =+F37*G37 -> 7260 | I37: =ROUND(((((C44*C43)+H37)/30)*E37),0) -> 2782971 | J37: =ROUND((I37*0.1),0) -> 278297 | K37: =ROUND((J37+I37),0) -> 3061268 | L37: 15306 | M37: =ROUND((K37*0.1),0) -> 306127 | N37: =ROUND((M37*0.19),0) -> 58164 | O37: =ROUND(+K37+N37+L37,0) -> 3134738 | P37: 6 | Q37: =ROUND((O37*C37),0) -> 410650678
B38: Vigilancia modalidad fija, Lunes a Domingo (Incluido Festivos) veinticuatro (24) horas, sin arma y con medio de comunicación. | C38: 40 | D38: 6 | E38: 6 | F38: =+$F$105 -> 2420 | G38: 3 | H38: =+F38*G38 -> 7260 | I38: =ROUND(((((C44*C43)+H38)/30)*E38),0) -> 2782971 | J38: =ROUND((I38*0.08),0) -> 222638 | K38: =ROUND((J38+I38),0) -> 3005609 | L38: 15028 | M38: =ROUND((K38*0.1),0) -> 300561 | N38: =ROUND((M38*0.19),0) -> 57107 | O38: =ROUND(+K38+N38+L38,0) -> 3077744 | P38: 6 | Q38: =ROUND((O38*C38),0) -> 123109760
B39: Operario de vigilancia movil, Lunes a Domingo (Incluido Festivos) veinticuatro (24) horas, con arma y con medio de comunicación. | C39: 9 | D39: 6 | E39: 6 | F39: =+$F$105 -> 2420 | G39: 3 | H39: =+F39*G39 -> 7260 | I39: =ROUND(((((C44*C43)+H39)/30)*E39),0) -> 2782971 | J39: =ROUND((I39*0.1),0) -> 278297 | K39: =ROUND((J39+I39),0) -> 3061268 | L39: 15306 | M39: =ROUND((K39*0.1),0) -> 306127 | N39: =ROUND((M39*0.19),0) -> 58164 | O39: =ROUND(+K39+N39+L39,0) -> 3134738 | P39: 6 | Q39: =ROUND((O39*C39),0) -> 28212642
B40: Operario de vigilancia movil, Lunes a Domingo (Incluido Festivos) doce (12) horas diurno, con arma y con medio de comunicación. | C40: 20 | D40: 6 | E40: 6 | F40: =+$F$105 -> 2420 | G40: 1.68 | H40: =+H37*55.97%/15*12 -> 3250.7376 | I40: =ROUND((((C44*C43+H37)*55.97%/15*12)/30*E40),0) -> 1246103 | J40: =ROUND((I40*0.1),0) -> 124610 | K40: =ROUND((I40+J40),0) -> 1370713 | L40: 6854 | M40: =ROUND((K40*0.1),0) -> 137071 | N40: =ROUND((M40*0.19),0) -> 26043 | O40: =ROUND(+K40+N40+L40,0) -> 1403610 | P40: 6 | Q40: =ROUND((O40*C40),0) -> 28072200
B41: TOTAL VIGILANCIA HUMANA MENSUAL 2025 | C41: =SUM(C37:C40) -> 200 | Q41: =SUM(Q37:Q40) -> 590045280
B43: VALOR MENSUAL CONSTANTE | C43: 9.77
B44: SMMLV 2025 | C44: 1423500
B45: VALOR MENSUAL | C45: =+Q41 -> 590045280
B46: % IMPUESTO DE TIMBRE | C46: 0.005
B49: Tarifa del 1 de enero al 30 de Junio de 2026
B50: SERVICIO | C50: TOTAL PUESTOS | D50: DIAS TOTALES | E50: DIAS PRESTADOS | F50: Valor Prima Seguro de Vida Por Persona | G50: Numero de Personas Requeridas | H50: Valor Prima Seguro de Vida servicio | I50: TARIFA | J50: AYS | K50: TARIFA + A y S | L50: Impuesto de Timbre | M50: BASE IVA | N50: IVA 19% | O50: VALOR UNITARIO MENSUAL | P50: MESES | Q50: SUBTOTAL MENSUAL | R50: VALOR TOTAL 6 MESES
B51: Vigilancia modalidad fija, Lunes a Domingo (Incluido Festivos) veinticuatro (24) horas, con arma y con medio de comunicación. | C51: 131 | D51: 30 | E51: 30 | F51: =+$F$105 -> 2420 | G51: 3 | H51: =+F51*G51 -> 7260 | I51: =ROUND(((((C58*C57)+H51)/30)*E51),0) -> 17113602 | J51: =ROUND((I51*0.1),0) -> 1711360 | K51: =ROUND((J51+I51),0) -> 18824962 | L51: 76532 | M51: =ROUND((K51*0.1),0) -> 1882496 | N51: =ROUND((M51*0.19),0) -> 357674 | O51: =ROUND(+K51+N51+L51,0) -> 19259168 | P51: 1 | Q51: =ROUND((O51*C51),0) -> 2522951008 | R51: =+Q51*6 -> 15137706048
B52: Vigilancia modalidad fija, Lunes a Domingo (Incluido Festivos) veinticuatro (24) horas, sin arma y con medio de comunicación. | C52: 40 | D52: 30 | E52: 30 | F52: =+$F$105 -> 2420 | G52: 3 | H52: =+F52*G52 -> 7260 | I52: =ROUND(((((C58*C57)+H52)/30)*E52),0) -> 17113602 | J52: =ROUND((I52*0.08),0) -> 1369088 | K52: =ROUND((J52+I52),0) -> 18482690 | L52: 75140 | M52: =ROUND((K52*0.1),0) -> 1848269 | N52: =ROUND((M52*0.19),0) -> 351171 | O52: =ROUND(+K52+N52+L52,0) -> 18909001 | P52: 1 | Q52: =ROUND((O52*C52),0) -> 756360040 | R52: =+Q52*6 -> 4538160240
B53: Operario de vigilancia movil, Lunes a Domingo (Incluido Festivos) veinticuatro (24) horas, con arma y con medio de comunicación. | C53: 9 | D53: 30 | E53: 30 | F53: =+$F$105 -> 2420 | G53: 3 | H53: =+F53*G53 -> 7260 | I53: =ROUND(((((C58*C57)+H53)/30)*E53),0) -> 17113602 | J53: =ROUND((I53*0.1),0) -> 1711360 | K53: =ROUND((J53+I53),0) -> 18824962 | L53: 76532 | M53: =ROUND((K53*0.1),0) -> 1882496 | N53: =ROUND((M53*0.19),0) -> 357674 | O53: =ROUND(+K53+N53+L53,0) -> 19259168 | P53: 1 | Q53: =ROUND((O53*C53),0) -> 173332512 | R53: =+Q53*6 -> 1039995072
B54: Operario de vigilancia movil, Lunes a Domingo (Incluido Festivos) doce (12) horas diurno, con arma y con medio de comunicación. | C54: 20 | D54: 30 | E54: 30 | F54: =+$F$105 -> 2420 | G54: 1.68 | H54: =+H51*47.59%/13*12 -> 3189.2622 | I54: =ROUND((((C58*C57+H51)*47.59%/13*12)/30*E54),0) -> 7517874 | J54: =ROUND((I54*0.1),0) -> 751787 | K54: =ROUND((I54+J54),0) -> 8269661 | L54: 34268 | M54: =ROUND((K54*0.1),0) -> 826966 | N54: =ROUND((M54*0.19),0) -> 157124 | O54: =ROUND(+K54+N54+L54,0) -> 8461053 | P54: 1 | Q54: =ROUND((O54*C54),0) -> 169221060 | R54: =+Q54*6 -> 1015326360
B55: TOTAL VIGILANCIA HUMANA MENSUAL 2025 | C55: =SUM(C51:C54) -> 200 | Q55: =SUM(Q51:Q54) -> 3621864620 | R55: =SUM(R51:R54) -> 21731187720
B57: VALOR MENSUAL CONSTANTE | C57: 9.77
B58: SMMLV 2025 | C58: 1750905
B59: VALOR MENSUAL | C59: =+Q55 -> 3621864620
B60: CANTIDAD DE MESES | C60: 6
B61: % IMPUESTO DE TIMBRE - VALOR DEL CONTRATO | C61: 0.005
B64: Tarifa del 1 al 14 de Julio de 2026
B65: SERVICIO | C65: TOTAL PUESTOS | D65: DIAS TOTALES | E65: DIAS PRESTADOS | F65: Valor Prima Seguro de Vida Por Persona | G65: Numero de Personas Requeridas | H65: Valor Prima Seguro de Vida servicio | I65: TARIFA | J65: AYS | K65: TARIFA + A y S | L65: Impuesto de Timbre | M65: BASE IVA | N65: IVA 19% | O65: VALOR UNITARIO MENSUAL | P65: MESES | Q65: SUBTOTAL MENSUAL
B66: Vigilancia modalidad fija, Lunes a Domingo (Incluido Festivos) veinticuatro (24) horas, con arma y con medio de comunicación. | C66: 131 | D66: 14 | E66: 14 | F66: =+$F$105 -> 2420 | G66: 3 | H66: =+F66*G66 -> 7260 | I66: =ROUND(((((C73*C72)+H66)/30)*E66),0) -> 8051715 | J66: =ROUND((I66*0.1),0) -> 805172 | K66: =ROUND((J66+I66),0) -> 8856887 | L66: 36007 | M66: =ROUND((K66*0.1),0) -> 885689 | N66: =ROUND((M66*0.19),0) -> 168281 | O66: =ROUND(+K66+N66+L66,0) -> 9061175 | P66: 1 | Q66: =ROUND((O66*C66),0) -> 1187013925
B67: Vigilancia modalidad fija, Lunes a Domingo (Incluido Festivos) veinticuatro (24) horas, sin arma y con medio de comunicación. | C67: 40 | D67: 14 | E67: 14 | F67: =+$F$105 -> 2420 | G67: 3 | H67: =+F67*G67 -> 7260 | I67: =ROUND(((((C73*C72)+H67)/30)*E67),0) -> 8051715 | J67: =ROUND((I67*0.08),0) -> 644137 | K67: =ROUND((J67+I67),0) -> 8695852 | L67: 35352 | M67: =ROUND((K67*0.1),0) -> 869585 | N67: =ROUND((M67*0.19),0) -> 165221 | O67: =ROUND(+K67+N67+L67,0) -> 8896425 | P67: 1 | Q67: =ROUND((O67*C67),0) -> 355857000
B68: Operario de vigilancia movil, Lunes a Domingo (Incluido Festivos) veinticuatro (24) horas, con arma y con medio de comunicación. | C68: 9 | D68: 14 | E68: 14 | F68: =+$F$105 -> 2420 | G68: 3 | H68: =+F68*G68 -> 7260 | I68: =ROUND(((((C73*C72)+H68)/30)*E68),0) -> 8051715 | J68: =ROUND((I68*0.1),0) -> 805172 | K68: =ROUND((J68+I68),0) -> 8856887 | L68: 36007 | M68: =ROUND((K68*0.1),0) -> 885689 | N68: =ROUND((M68*0.19),0) -> 168281 | O68: =ROUND(+K68+N68+L68,0) -> 9061175 | P68: 1 | Q68: =ROUND((O68*C68),0) -> 81550575
B69: Operario de vigilancia movil, Lunes a Domingo (Incluido Festivos) doce (12) horas diurno, con arma y con medio de comunicación. | C69: 20 | D69: 14 | E69: 14 | F69: =+$F$105 -> 2420 | G69: 1.68 | H69: =+H66*47.59%/13*12 -> 3189.2622 | I69: =ROUND((((C73*C72+H66)*47.59%/13*12)/30*E69),0) -> 3537056 | J69: =ROUND((I69*0.1),0) -> 353706 | K69: =ROUND((I69+J69),0) -> 3890762 | L69: 16123 | M69: =ROUND((K69*0.1),0) -> 389076 | N69: =ROUND((M69*0.19),0) -> 73924 | O69: =ROUND(+K69+N69+L69,0) -> 3980809 | P69: 1 | Q69: =ROUND((O69*C69),0) -> 79616180
B70: TOTAL VIGILANCIA HUMANA MENSUAL 2025 | C70: =SUM(C66:C69) -> 200 | Q70: =SUM(Q66:Q69) -> 1704037680
B72: VALOR MENSUAL CONSTANTE | C72: 9.85
B73: SMMLV 2025 | C73: 1750905
B74: VALOR MENSUAL | C74: =+Q70 -> 1704037680
B75: % IMPUESTO DE TIMBRE - VALOR DEL CONTRATO | C75: 0.005
B77: Tarifa del 15 al 31 de Julio de 2026
B78: SERVICIO | C78: TOTAL PUESTOS | D78: DIAS TOTALES | E78: DIAS PRESTADOS | F78: Valor Prima Seguro de Vida Por Persona | G78: Numero de Personas Requeridas | H78: Valor Prima Seguro de Vida servicio | I78: TARIFA | J78: AYS | K78: TARIFA + A y S | L78: Impuesto de Timbre | M78: BASE IVA | N78: IVA 19% | O78: VALOR UNITARIO MENSUAL | P78: MESES | Q78: SUBTOTAL MENSUAL
B79: Vigilancia modalidad fija, Lunes a Domingo (Incluido Festivos) veinticuatro (24) horas, con arma y con medio de comunicación. | C79: 131 | D79: 16 | E79: 16 | F79: =+$F$105 -> 2420 | G79: 3 | H79: =+F79*G79 -> 7260 | I79: =ROUND(((((C86*C85)+H79)/30)*E79),0) -> 9538133 | J79: =ROUND((I79*0.1),0) -> 953813 | K79: =ROUND((J79+I79),0) -> 10491946 | L79: 42654 | M79: =ROUND((K79*0.1),0) -> 1049195 | N79: =ROUND((M79*0.19),0) -> 199347 | O79: =ROUND(+K79+N79+L79,0) -> 10733947 | P79: 1 | Q79: =ROUND((O79*C79),0) -> 1406147057
B80: Vigilancia modalidad fija, Lunes a Domingo (Incluido Festivos) veinticuatro (24) horas, sin arma y con medio de comunicación. | C80: 40 | D80: 16 | E80: 16 | F80: =+$F$105 -> 2420 | G80: 3 | H80: =+F80*G80 -> 7260 | I80: =ROUND(((((C86*C85)+H80)/30)*E80),0) -> 9538133 | J80: =ROUND((I80*0.08),0) -> 763051 | K80: =ROUND((J80+I80),0) -> 10301184 | L80: 41879 | M80: =ROUND((K80*0.1),0) -> 1030118 | N80: =ROUND((M80*0.19),0) -> 195722 | O80: =ROUND(+K80+N80+L80,0) -> 10538785 | P80: 1 | Q80: =ROUND((O80*C80),0) -> 421551400
B81: Operario de vigilancia movil, Lunes a Domingo (Incluido Festivos) veinticuatro (24) horas, con arma y con medio de comunicación. | C81: 9 | D81: 16 | E81: 16 | F81: =+$F$105 -> 2420 | G81: 3 | H81: =+F81*G81 -> 7260 | I81: =ROUND(((((C86*C85)+H81)/30)*E81),0) -> 9538133 | J81: =ROUND((I81*0.1),0) -> 953813 | K81: =ROUND((J81+I81),0) -> 10491946 | L81: 42654 | M81: =ROUND((K81*0.1),0) -> 1049195 | N81: =ROUND((M81*0.19),0) -> 199347 | O81: =ROUND(+K81+N81+L81,0) -> 10733947 | P81: 1 | Q81: =ROUND((O81*C81),0) -> 96605523
B82: Operario de vigilancia movil, Lunes a Domingo (Incluido Festivos) doce (12) horas diurno, con arma y con medio de comunicación. | C82: 20 | D82: 16 | E82: 16 | F82: =+$F$105 -> 2420 | G82: 1.68 | H82: =+H79*47.59%/13*12 -> 3189.2622 | I82: =ROUND((((C86*C85+H79)*47.59%/13*12)/30*E82),0) -> 4190029 | J82: =ROUND((I82*0.1),0) -> 419003 | K82: =ROUND((I82+J82),0) -> 4609032 | L82: 19099 | M82: =ROUND((K82*0.1),0) -> 460903 | N82: =ROUND((M82*0.19),0) -> 87572 | O82: =ROUND(+K82+N82+L82,0) -> 4715703 | P82: 1 | Q82: =ROUND((O82*C82),0) -> 94314060
B83: TOTAL VIGILANCIA HUMANA MENSUAL 2025 | C83: =SUM(C79:C82) -> 200 | Q83: =SUM(Q79:Q82) -> 2018618040
B85: VALOR MENSUAL CONSTANTE | C85: 10.21
B86: SMMLV 2025 | C86: 1750905
B87: VALOR MENSUAL | C87: =+Q83 -> 2018618040
B88: % IMPUESTO DE TIMBRE - VALOR DEL CONTRATO | C88: 0.005
B90: Tarifa del 1 de agosto al 31 de diciembre de 2026
B91: SERVICIO | C91: TOTAL PUESTOS | D91: DIAS TOTALES | E91: DIAS PRESTADOS | F91: Valor Prima Seguro de Vida Por Persona | G91: Numero de Personas Requeridas | H91: Valor Prima Seguro de Vida servicio | I91: TARIFA | J91: AYS | K91: TARIFA + A y S | L91: Impuesto de Timbre | M91: BASE IVA | N91: IVA 19% | O91: VALOR UNITARIO MENSUAL | P91: MESES | Q91: SUBTOTAL MENSUAL
B92: Vigilancia modalidad fija, Lunes a Domingo (Incluido Festivos) veinticuatro (24) horas, con arma y con medio de comunicación. | C92: 131 | D92: 30 | E92: 30 | F92: =+$F$105 -> 2420 | G92: 3 | H92: =+F92*G92 -> 7260 | I92: =ROUND(((((C99*C98)+H92)/30)*E92),0) -> 17884000 | J92: =ROUND((I92*0.1),0) -> 1788400 | K92: =ROUND((J92+I92),0) -> 19672400 | L92: =+'Oferta Economica'!L51 -> 76532 | M92: =ROUND((K92*0.1),0) -> 1967240 | N92: =ROUND((M92*0.19),0) -> 373776 | O92: =ROUND(+K92+N92+L92,0) -> 20122708 | P92: 1 | Q92: =ROUND((O92*C92),0) -> 2636074748
B93: Vigilancia modalidad fija, Lunes a Domingo (Incluido Festivos) veinticuatro (24) horas, sin arma y con medio de comunicación. | C93: 40 | D93: 30 | E93: 30 | F93: =+$F$105 -> 2420 | G93: 3 | H93: =+F93*G93 -> 7260 | I93: =ROUND(((((C99*C98)+H93)/30)*E93),0) -> 17884000 | J93: =ROUND((I93*0.08),0) -> 1430720 | K93: =ROUND((J93+I93),0) -> 19314720 | L93: =+'Oferta Economica'!L52 -> 75140 | M93: =ROUND((K93*0.1),0) -> 1931472 | N93: =ROUND((M93*0.19),0) -> 366980 | O93: =ROUND(+K93+N93+L93,0) -> 19756840 | P93: 1 | Q93: =ROUND((O93*C93),0) -> 790273600
B94: Operario de vigilancia movil, Lunes a Domingo (Incluido Festivos) veinticuatro (24) horas, con arma y con medio de comunicación. | C94: 9 | D94: 30 | E94: 30 | F94: =+$F$105 -> 2420 | G94: 3 | H94: =+F94*G94 -> 7260 | I94: =ROUND(((((C99*C98)+H94)/30)*E94),0) -> 17884000 | J94: =ROUND((I94*0.1),0) -> 1788400 | K94: =ROUND((J94+I94),0) -> 19672400 | L94: =+'Oferta Economica'!L53 -> 76532 | M94: =ROUND((K94*0.1),0) -> 1967240 | N94: =ROUND((M94*0.19),0) -> 373776 | O94: =ROUND(+K94+N94+L94,0) -> 20122708 | P94: 1 | Q94: =ROUND((O94*C94),0) -> 181104372
B95: Operario de vigilancia movil, Lunes a Domingo (Incluido Festivos) doce (12) horas diurno, con arma y con medio de comunicación. | C95: 20 | D95: 30 | E95: 30 | F95: =+$F$105 -> 2420 | G95: 1.68 | H95: =+H92*47.59%/15*12 -> 2764.0272 | I95: =ROUND((((C99*C98+H92)*47.59%/15*12)/30*E95),0) -> 6808796 | J95: =ROUND((I95*0.1),0) -> 680880 | K95: =ROUND((I95+J95),0) -> 7489676 | L95: =+'Oferta Economica'!L54 -> 34268 | M95: =ROUND((K95*0.1),0) -> 748968 | N95: =ROUND((M95*0.19),0) -> 142304 | O95: =ROUND(+K95+N95+L95,0) -> 7666248 | P95: 1 | Q95: =ROUND((O95*C95),0) -> 153324960
B96: TOTAL VIGILANCIA HUMANA MENSUAL 2025 | C96: =SUM(C92:C95) -> 200 | Q96: =SUM(Q92:Q95) -> 3760777680
B98: VALOR MENSUAL CONSTANTE | C98: 10.21
B99: SMMLV 2025 | C99: 1750905
B100: VALOR MENSUAL | C100: =+Q96 -> 3760777680
B101: % IMPUESTO DE TIMBRE - VALOR DEL CONTRATO | C101: 0.005
B103: VALOR TOTAL PERSONAL | C103: =+C87+C74+R55 -> 25453843440
Q104: =+Q83+Q70 -> 3722655720
B105: 2. VALOR INDIVIDUAL DE LA PRIMA DEL SEGURO DE VIDA OFERTADA POR EL PROPONENTE | F105: 2420 | G105: En este campo se debe diligenciar el valor unitario mensual correspondiente al valor individual de la prima del seguro de vida ofertada por el proponente sin exceder el valor unitario mensual ($ 4.500) calculado por el FRV. So pena de Causal de Rechazo | Q105: =+Q104-Q101 -> 3722655720

Sheet Puestos Nuevos
A2: FORMATO OFERTA ECONOMICA
B5: Tarifa del 16 al 31 de Enero de 2026
B6: SERVICIO | C6: TOTAL PUESTOS | D6: DIAS TOTALES | E6: DIAS PRESTADOS | F6: Valor Prima Seguro de Vida Por Persona | G6: Numero de Personas Requeridas | H6: Valor Prima Seguro de Vida servicio | I6: TARIFA | J6: AYS | K6: TARIFA + A y S | L6: Impuesto de Timbre | M6: BASE IVA | N6: IVA 19% | O6: VALOR UNITARIO MENSUAL | P6: MESES | Q6: SUBTOTAL MENSUAL | R6: VALOR TOTAL
B7: Vigilancia modalidad fija, Lunes a Domingo (Incluido Festivos) veinticuatro (24) horas, sin arma y con medio de comunicación. | C7: 60 | D7: 15 | E7: 15 | F7: =+$F$48 -> 2420 | G7: 3 | H7: =+F7*G7 -> 7260 | I7: =ROUND(((((C11*C10)+H7)/30)*E7),0) -> 8556801 | J7: =ROUND((I7*0.08),0) -> 684544 | K7: =ROUND((J7+I7),0) -> 9241345 | L7: 0 | M7: =ROUND((K7*0.1),0) -> 924135 | N7: =ROUND((M7*0.19),0) -> 175586 | O7: =ROUND(+K7+N7+L7,0) -> 9416931 | P7: 1 | Q7: =ROUND((O7*C7),0) -> 565015860 | R7: =+O7*C7 -> 565015860
B8: TOTAL VIGILANCIA HUMANA MENSUAL 2026 | C8: =SUM(C7:C7) -> 60 | Q8: =SUM(Q7:Q7) -> 565015860 | R8: =SUM(R7:R7) -> 565015860
B10: VALOR MENSUAL CONSTANTE | C10: 9.77
B11: SMMLV 2026 | C11: 1750905
B12: VALOR DEL 16 AL 31 DE ENERO | C12: =+Q8 -> 565015860 | D12: =+C12+'Ajuste Tarifa 2026'!Q55 -> 4186880480 | E12: =+D12+'Oferta Economica'!G109+'Oferta Economica'!G110 -> 4241168004
B13: % IMPUESTO DE TIMBRE - VALOR DEL CONTRATO | C13: N/A
B15: Tarifa del 1 de febrero al 30 de Junio de 2026
B16: SERVICIO | C16: TOTAL PUESTOS | D16: DIAS TOTALES | E16: DIAS PRESTADOS | F16: Valor Prima Seguro de Vida Por Persona | G16: Numero de Personas Requeridas | H16: Valor Prima Seguro de Vida servicio | I16: TARIFA | J16: AYS | K16: TARIFA + A y S | L16: Impuesto de Timbre | M16: BASE IVA | N16: IVA 19% | O16: VALOR UNITARIO MENSUAL | P16: MESES | Q16: SUBTOTAL MENSUAL | R16: VALOR TOTAL
B17: Vigilancia modalidad fija, Lunes a Domingo (Incluido Festivos) veinticuatro (24) horas, sin arma y con medio de comunicación. | C17: 60 | D17: 30 | E17: 30 | F17: =+$F$48 -> 2420 | G17: 3 | H17: =+F17*G17 -> 7260 | I17: =ROUND(((((C21*C20)+H17)/30)*E17),0) -> 17113602 | J17: =ROUND((I17*0.08),0) -> 1369088 | K17: =ROUND((J17+I17),0) -> 18482690 | L17: 0 | M17: =ROUND((K17*0.1),0) -> 1848269 | N17: =ROUND((M17*0.19),0) -> 351171 | O17: =ROUND(+K17+N17+L17,0) -> 18833861 | P17: 1 | Q17: =ROUND((O17*C17),0) -> 1130031660 | R17: =+O17*C17 -> 1130031660
B18: TOTAL VIGILANCIA HUMANA MENSUAL 2026 | C18: =SUM(C17:C17) -> 60 | Q18: =SUM(Q17:Q17) -> 1130031660 | R18: =SUM(R17:R17) -> 1130031660
B20: VALOR MENSUAL CONSTANTE | C20: 9.77
B21: SMMLV 2026 | C21: 1750905
B22: VALOR DEL 1 DE FEBRERO AL 30 DE JUNIO | C22: =+Q18*5 -> 5650158300 | D22: =+R18+'Ajuste Tarifa 2026'!C59+'Oferta Economica'!G109+'Oferta Economica'!G110 -> 4806183804
B23: % IMPUESTO DE TIMBRE - VALOR DEL CONTRATO | C23: N/A
B25: Tarifa del 1 al 14 de Julio de 2026
B26: SERVICIO | C26: TOTAL PUESTOS | D26: DIAS TOTALES | E26: DIAS PRESTADOS | F26: Valor Prima Seguro de Vida Por Persona | G26: Numero de Personas Requeridas | H26: Valor Prima Seguro de Vida servicio | I26: TARIFA | J26: AYS | K26: TARIFA + A y S | L26: Impuesto de Timbre | M26: BASE IVA | N26: IVA 19% | O26: VALOR UNITARIO MENSUAL | P26: MESES | Q26: SUBTOTAL MENSUAL
B27: Vigilancia modalidad fija, Lunes a Domingo (Incluido Festivos) veinticuatro (24) horas, sin arma y con medio de comunicación. | C27: 60 | D27: 14 | E27: 14 | F27: =+$F$48 -> 2420 | G27: 3 | H27: =+F27*G27 -> 7260 | I27: =ROUND(((((C31*C30)+H27)/30)*E27),0) -> 8051715 | J27: =ROUND((I27*0.08),0) -> 644137 | K27: =ROUND((J27+I27),0) -> 8695852 | L27: 0 | M27: =ROUND((K27*0.1),0) -> 869585 | N27: =ROUND((M27*0.19),0) -> 165221 | O27: =ROUND(+K27+N27+L27,0) -> 8861073 | P27: 1 | Q27: =ROUND((O27*C27),0) -> 531664380
B28: TOTAL VIGILANCIA HUMANA MENSUAL 2025 | C28: =SUM(C27:C27) -> 60 | Q28: =SUM(Q27:Q27) -> 531664380
B30: VALOR MENSUAL CONSTANTE | C30: 9.85
B31: SMMLV 2025 | C31: 1750905
B32: VALOR MENSUAL | C32: =+Q28 -> 531664380 | D32: =+C32+'Ajuste Tarifa 2026'!C74 -> 2235702060 | E32: =+'Oferta Economica'!H109 -> 12563423 | F32: =+'Oferta Economica'!H110 -> 12770755 | H32: =SUM(D32:F32) -> 2261036238 | I32: 1 al 15
B33: % IMPUESTO DE TIMBRE - VALOR DEL CONTRATO | C33: N/A | D33: =+C42+'Ajuste Tarifa 2026'!C87 -> 2648432400 | E33: =+'Oferta Economica'!I109 -> 14358197 | F33: =+'Oferta Economica'!I110 -> 14595149 | H33: =SUM(D33:F33) -> 2677385746 | I33: 16 al 31
D34: =SUM(D32:D33) -> 4884134460 | H34: =SUM(H32:H33) -> 4938421984
B35: Tarifa del 15 al 31 de Julio de 2026
B36: SERVICIO | C36: TOTAL PUESTOS | D36: DIAS TOTALES | E36: DIAS PRESTADOS | F36: Valor Prima Seguro de Vida Por Persona | G36: Numero de Personas Requeridas | H36: Valor Prima Seguro de Vida servicio | I36: TARIFA | J36: AYS | K36: TARIFA + A y S | L36: Impuesto de Timbre | M36: BASE IVA | N36: IVA 19% | O36: VALOR UNITARIO MENSUAL | P36: MESES | Q36: SUBTOTAL MENSUAL
B37: Vigilancia modalidad fija, Lunes a Domingo (Incluido Festivos) veinticuatro (24) horas, sin arma y con medio de comunicación. | C37: 60 | D37: 16 | E37: 16 | F37: =+$F$48 -> 2420 | G37: 3 | H37: =+F37*G37 -> 7260 | I37: =ROUND(((((C41*C40)+H37)/30)*E37),0) -> 9538133 | J37: =ROUND((I37*0.08),0) -> 763051 | K37: =ROUND((J37+I37),0) -> 10301184 | L37: 0 | M37: =ROUND((K37*0.1),0) -> 1030118 | N37: =ROUND((M37*0.19),0) -> 195722 | O37: =ROUND(+K37+N37+L37,0) -> 10496906 | P37: 1 | Q37: =ROUND((O37*C37),0) -> 629814360
B38: TOTAL VIGILANCIA HUMANA MENSUAL 2025 | C38: =SUM(C37:C37) -> 60 | Q38: =SUM(Q37:Q37) -> 629814360
B40: VALOR MENSUAL CONSTANTE | C40: 10.21
B41: SMMLV 2025 | C41: 1750905
B42: VALOR MENSUAL | C42: =+Q38 -> 629814360
B43: % IMPUESTO DE TIMBRE - VALOR DEL CONTRATO | C43: N/A
B46: VALOR TOTAL PERSONAL | C46: =+C42+C32+C12+C22 -> 7376652900
Q47: =+Q38+Q28 -> 1161478740
B48: 2. VALOR INDIVIDUAL DE LA PRIMA DEL SEGURO DE VIDA OFERTADA POR EL PROPONENTE | F48: 2420 | G48: En este campo se debe diligenciar el valor unitario mensual correspondiente al valor individual de la prima del seguro de vida ofertada por el proponente sin exceder el valor unitario mensual ($ 4.500) calculado por el FRV. So pena de Causal de Rechazo | Q48: =+Q47-#REF! -> #REF!
B51: 3. SERVICIOS ADICIONALES DE APOYO AL SERVICIO DE VIGILANCIA
B52: SERVICIO | C52: CANTIDAD | D52: VALOR MENSUAL UNITARIO IVA INCLUIDO | E52: PLAZO (MESES) | F52: VALOR TOTAL
B53: Servicio de apoyo de vigilancia (moto) cilindraje mínimo 150 CC, modelo mínimo 2020, incluye (Combustible, SOAT (seguro obligatorio de accidentes de tránsito); Certificado de revisión técnico-mecánica (si aplica), mantenimiento, entre otros.) para vigilancia móvil, lunes a Domingo (Incluido Festivos) doce (12) horas diurno | C53: 20 | D53: 1346081 | E53: 9 | F53: =+(D53*C53)*E53 -> 242294580 | G53: =+C53*D53 -> 26921620
B54: Servicio de apoyo de vigilancia (moto) cilindraje mínimo 150 CC, modelo mínimo 2020, incluye (Combustible, SOAT (seguro obligatorio de accidentes de tránsito); Certificado de revisión técnico-mecánica (si aplica), mantenimiento, entre otros.) para vigilancia móvil, lunes a Domingo (Incluido Festivos) veinticuatro (24) horas | C54: 9 | D54: 3040656 | E54: 9 | F54: =+(D54*C54)*E54 -> 246293136 | G54: =+C54*D54 -> 27365904
F55: =SUM(F53:F54) -> 488587716 | G55: =SUM(G53:G54) -> 54287524

Sheet Resumen Of
B2: CIFRAS CONTRATO UARIV-FRV-CD-2025-006 | F2: AJUSTE TARIFAS 1 ENERO AL 31 DE JULIO 2026 - CONTRATO UARIV-FRV-CD-2025-006 | J2: ADICION 60 PUESTOS - CONTRATO UARIV-FRV-CD-2025-006
B4: 1 de Noviembre al 31 de Diciembre de 2025 | F4: 1 de Noviembre al 31 de Diciembre de 2025 | J4: 16 de Enero al 31 de Julio de 2026
B5: ITEM | C5: MESES | D5: VALOR TOTAL | F5: ITEM | G5: MESES | H5: VALOR TOTAL | J5: ITEM | K5: MESES | L5: VALOR TOTAL
B6: PERSONAL | C6: 2 | D6: =+'Oferta Economica'!Q13+'Oferta Economica'!Q27+'Oferta Economica'!Q41 -> 5770071200 | F6: PERSONAL | G6: 2 | H6: =+D6 -> 5770071200 | J6: PERSONAL | K6: 6.5 | L6: =+'Puestos Nuevos'!C46 -> 7376652900
B7: SERVICIOS ADICIONALES | C7: 2 | D7: =+'Oferta Economica'!H118*C7 -> 108575048 | F7: SERVICIOS ADICIONALES | G7: 2 | H7: =+D7 -> 108575048
D8: =SUM(D6:D7) -> 5878646248 | H8: =SUM(H6:H7) -> 5878646248
B10: Nuevo Valor del 1 de Enero al 31 de Julio de 2026 | F10: Nuevo Valor del 1 de Enero al 31 de Julio de 2026 | J10: VALOR TOTAL ADICIÓN 60 NUEVOS PUESTOS 2026 | L10: =+L6 -> 7376652900
B11: ITEM | C11: MESES | D11: VALOR TOTAL | F11: ITEM | G11: MESES | H11: VALOR TOTAL
B12: PERSONAL | C12: 7 | D12: =+'Oferta Economica'!R55+'Oferta Economica'!Q70+'Oferta Economica'!Q83 -> 20733679340 | F12: PERSONAL | G12: 7 | H12: =+'Ajuste Tarifa 2026'!C103 -> 25453843440
B13: SERVICIOS ADICIONALES | C13: 7 | D13: =+'Oferta Economica'!H118*C13 -> 380012668 | F13: SERVICIOS ADICIONALES | G13: 7 | H13: =+D13 -> 380012668
D14: =SUM(D12:D13) -> 21113692008 | H14: =SUM(H12:H13) -> 25833856108
F16: VALOR TOTAL AJUSTE TARIFA 2026 | H16: =+H14-D14 -> 4720164100
B17: VALOR CONTRATO | D17: =+D14+D8 -> 26992338256
B18: VALOR MAXIMO ADICIÓN | D18: =+D17/2 -> 13496169128 | F18: NUEVO VALOR CONTRATO AJUSTE TARIFAS | H18: =+H14+H8 -> 31712502356 | J18: NUEVO VALOR CONTRATO AJUSTE TARIFAS Y NUEVOS PUESTOS | L18: =+H18+L10 -> 39089155256
B19: CDP POR VALOR | D19: =+H16+L10 -> 12096817000
B20: Disponible | D20: =+D18-D19 -> 1399352128 | F20: PRESUPUESTO VIGENCIA 2025 | H20: =+D8 -> 5878646248
B21: % Adición | D21: =+D19/D17 -> 0.44815743 | F21: PRESUPUESTO VIGENCIA 2026 | H21: =+H14+L10 -> 33210509008
F22: VALOR CONTRATO MODIFICACIÓN | H22: =SUM(H20:H21) -> 39089155256
B25: RESUMEN DE FACTURACIÓN 2026 | F25: Proyectado
B26: FACTURACIÓN | C26: DIAS A COBRAR | D26: VALOR TOTAL | F26: VALOR TOTAL | G26: Diferencia
B27: DEL 01 AL 31 DE ENERO | C27: 30 | D27: 4.241168e+09 | F27: =+'Ajuste Tarifa 2026'!C59+'Puestos Nuevos'!C12+'Oferta Economica'!G111 -> 4241168004 | G27: =+D27-F27 -> 0
B28: DEL 01 AL 28 DE FEBRERO | C28: 30 | D28: 4.8061838e+09 | F28: =+'Ajuste Tarifa 2026'!C59+'Puestos Nuevos'!R18+'Oferta Economica'!G111 -> 4806183804 | G28: =+D28-F28 -> 0
B29: DEL 01 AL 31 DE MARZO | C29: 30 | D29: 4.8061838e+09 | F29: =+'Ajuste Tarifa 2026'!C59+'Puestos Nuevos'!R18+'Oferta Economica'!G111 -> 4806183804 | G29: =+D29-F29 -> 0
B30: DEL 01 AL 30 DE ABRIL | C30: 30 | D30: 4.8061838e+09 | F30: =+'Ajuste Tarifa 2026'!C59+'Puestos Nuevos'!R18+'Oferta Economica'!G111 -> 4806183804 | G30: =+D30-F30 -> 0
B31: DEL 01 AL 31 DE MAYO | C31: 30 | D31: 4.8061838e+09 | F31: =+'Ajuste Tarifa 2026'!C59+'Puestos Nuevos'!R18+'Oferta Economica'!G111 -> 4806183804 | G31: =+D31-F31 -> 0
B32: DEL 01 AL 30 DE JUNIO | C32: 30 | D32: 4.8061838e+09 | F32: =+'Ajuste Tarifa 2026'!C59+'Puestos Nuevos'!R18+'Oferta Economica'!G111 -> 4806183804 | G32: =+D32-F32 -> 0
B33: DEL 01 AL 14 DE JULIO | C33: 14 | D33: 2261036238 | F33: =+'Ajuste Tarifa 2026'!C74+'Puestos Nuevos'!C32+'Oferta Economica'!H109+'Oferta Economica'!H110 -> 2261036238 | G33: =+D33-F33 -> 0
B34: DEL 15 AL 31 DE JULIO | C34: 16 | D34: 2.6773857e+09 | F34: =+'Ajuste Tarifa 2026'!C87+'Puestos Nuevos'!C42+'Oferta Economica'!I109+'Oferta Economica'!I110 -> 2677385746 | G34: =+D34-F34 -> 0
D35: =SUM(D27:D34) -> 3.3210509e+10 | F35: =SUM(F27:F34) -> 33210509008 | G35: =SUM(G27:G34) -> 0

Sheet Anexo Detalle puestos adicional
A1: ANEXO MODIFICATORIO No 1 UARIV-FRV-IP-2025-006 (16 enero a 31 julio de 2026)
A2: No | B2: DEPARTAMENTO | C2: ID | D2: MUNICIPIO | E2: CORREGIMIENTO | F2: VEREDA | G2: NOMBRE DEL PREDIO | H2: CANTIDAD DE PUESTOS
A3: 1 | B3: ARAUCA | C3: ='[5]JULIO 2025'!$B$355 -> IR4660SEC2024 IR4661SEC2024 IR4677SEC2024 IR4678SEC2024 IR4679SEC2024 IR4680SEC2024 IR4681SEC2024 IR4682SEC2024 IR4683SEC2024 IR4684SEC2024 IR4685SEC2024 IR4686SEC2024 IR4687SEC2024 IR4688SEC2024 IR4689SEC2024 IR4690SEC2024 IR4691SEC2024 IR4692SEC2024 IR4693SEC2024 IR4694SEC2024 IR4695SEC2024 IR4696SEC2024 IR4697SEC2024 IR4698SEC2024 IR4699SEC2024 IR4700SEC2024 IR4701SEC2024 IR4702SEC2024 IR4703SEC2024 IR4704SEC2024 IR4705SEC2024 IR4706SEC2024 IR4707SEC2024 IR4708SEC2024 IR4709SEC2024 IR4710SEC2024 IR4711SEC2024 IR4712SEC2024 IR4713SEC2024 IR4714SEC2024 IR4715SEC2024 IR4716SEC2024 IR4717SEC2024 IR4718SEC2024 IR4719SEC2024 IR4720SEC2024 IR4721SEC2024 IR4722SEC2024 IR4723SEC2024 IR4724SEC2024 IR4725SEC2024 IR4726SEC2024 IR4727SEC2024 IR4728SEC2024 IR4729SEC2024 IR4730SEC2024 IR4731SEC2024 IR4732SEC2024 IR4733SEC2024 IR4734SEC2024 IR4735SEC2024 IR4736SEC2024 IR4737SEC2024 IR4738SEC2024 IR4739SEC2024 IR4740SEC2024 IR4741SEC2024 IR4742SEC2024 IR4743SEC2024 IR4744SEC2024 IR4745SEC2024 IR4746SEC2024 IR4747SEC2024 IR4748SEC2024 IR4749SEC2024 IR4750SEC2024 IR4751SEC2024 IR4752SEC2024 IR4754SEC2024 IR4755SEC2024 IR4756SEC2024 IR4757SEC2024 IR4758SEC2024 IR4759SEC2024 IR4760SEC2024 IR4761SEC2024 IR4762SEC2024 IR4763SEC2024 IR4764SEC2024 IR4765SEC2024 IR4766SEC2024 IR4767SEC2024 IR4768SEC2024 IR4769SEC2024 IR4770SEC2024 IR4771SEC2024 IR4772SEC2024 IR4773SEC2024 IR4774SEC2024 IR4775SEC2024 IR4776SEC2024 IR4777SEC2024 IR4778SEC2024 IR4662SEC2024 IR4663SEC2024 IR4664SEC2024 IR4665SEC2024 | D3: TAME | E3: RURAL | F3: ZAPARAY | G3: FINCA MORICHAL | H3: 4
A4: 2 | B4: BOLIVAR | C4: SC1SEC44(1) | D4: SIMITÍ | E4: RURAL | F4: MONTERREY | G4: VISTA HERMOSA | H4: 1
A5: 3 | C5: ='[5]JULIO 2025'!$B$161 -> IR12SEC16 | E5: RURAL | F5: SAN BLAS | G5: PATIO BONITO | H5: 3
A6: 4 | B6: SANTANDER | C6: CEDULA CATASTRAL 68-190/00020160058000 | D6: CIMITARRA | E6: SAN FERNANDO | F6: RURAL | G6: CASA QUIOSCO EL TRAPICHE | H6: 1
A7: 5 | D7: BARRANCABERMEJA | E7: EL CENTRO | F7: EL PROGRESO | G7: LOTE NUEVO HORIZONTE | H7: 2
A8: 6 | B8: HUILA | C8: IR3292SEC2021--IR3297SEC2021--IR3298SEC2021--IR3299SEC2021--IR3300SEC2021--IR3301SEC2021--IR3302SEC2021--IR3303SEC2021--IR3304SEC2021--IR3305SEC2021--IR3306SEC2021--IR3307SEC2021 | D8: PITALITO | E8: URBANO | F8: URBANO | G8: AF. VIAL CARRERA 15 Y 16 (12 LOTES) | H8: 2
A9: 7 | C9: Códigos IU363SEC1052 - IU364SEC1053 - IU365SEC1054 - IU366SEC1055 - IU367SEC1056 - IU368SEC1057 - IU369SEC1058 - IU370SEC1059 - IU371SEC1060 -IU372SEC1061 - IU373SEC1062 - U374SEC1063 - IU375SEC1064 - IU376SEC1065 -IU377SEC1066 - IU378SEC1067 - U379SEC1068 - IU381SEC1070 - IU384SEC1073 -U385SEC1074 - IU386SEC1075 - IU387SEC1076 - IU388SEC1077 - IU389SEC1078 -IU394SEC1083 - IU395SEC1084 - IU396SEC1085 - IU397SEC1086 - U398SEC1087 - IU399SEC1088 - IU400SEC1089 - IU401SEC1090 - IU402SEC1091 - IU403SEC1092 -U404SEC1093 - IU405SEC1094 - IU406SEC1095 - IU407SEC1096 - IU408SEC1097 -IU409SEC1098 - U410SEC1099 - IU411SEC1100 - IU412SEC1101 - IU413SEC1102 -IU414SEC1103 - IU415SEC1104 - U416SEC1105 - IU417SEC1106 - IU418SEC1107 -IU419SEC1108 - IU420SEC1109 - IU421SEC1110 | D9: CAMPOALEGRE | E9: URBANO | F9: URBANO | G9: LOTE 2 MANZANA S | H9: 2
A10: 8 | B10: META | C10: IR757SEC1205 | D10: SAN MARTIN | E10: RURAL | F10: CASTAÑEDA | G10: RANCHO SANTA TERESA | H10: 1
A11: 9 | B11: ANTIOQUIA | C11: IR305SEC451 - IR304SEC450 - IR773SEC1226 | D11: TARAZA | E11: RURAL | F11: LA PRIMAVERA | G11: HACIENDA LA LUNA | H11: 2
A12: 10 | C12: IR674SEC1000 - IR675SEC1001 | E12: LA CAUCANA | F12: QUINTERON | G12: MONTEPIO | H12: 1
A13: 11 | C13: IR326SEC477 | D13: CACERES | E13: CACERES | F13: JARDIN TAMANA | G13: MARLENGO | H13: 1
A14: 12 | C14: IR5237SEC2024 | D14: CAUCASIA | E14: URBANO | F14: BAR.EL CAMELLO 1 | G14: FRIGORIFICO | H14: 2
A15: 13 | C15: FMI N.034 -108028 | D15: NECOCLI | E15: RURAL | F15: KM 1 VIA TURBO | G15: VIRGEN DEL COBRE | H15: 2
A16: 14 | B16: MAGDALENA | C16: IR3242SEC2021 | D16: SABANAS DE SAN ANGEL | E16: RURAL | F16: ARIGUANI | G16: FINCA LA ISLA | H16: 1
A17: 15 | B17: ANTIOQUIA | C17: IR639SEC947 | D17: TITIRIBI | E17: RURAL | F17: LOS MICOS | G17: TEJAR | H17: 1
A18: 16 | C18: IR165SEC197 | D18: REMEDIOS | E18: OTUM | F18: BELLAVISTA | G18: BELLAVISTA | H18: 3
A19: 17 | B19: CORDOBA | C19: IR3265SEC2021 | D19: VALENCIA | E19: VILLA NUEVA | F19: LOS PESCADOS | G19: VIVA DIOS / LINARES | H19: 3
A20: 18 | B20: CORDOBA | C20: IR845SEC1402 | D20: BUENAVISTA | E20: BUENAVISTA | F20: TIERRA SANTA | G20: BUENAVISTA | H20: 2
A21: 19 | B21: CHOCO | C21: IU135SEC473 | D21: RIOSUCIO | E21: URBANO | F21: URBANO | G21: HOTEL CASA REAL | H21: 1
A22: 20 | B22: ANTIOQUIA | C22: IR302SEC448 | D22: TARAZA | E22: LA CAUCANA | F22: LA PIEDRA | G22: LETICIA URUGUAY | H22: 2
A23: 21 | B23: VALLE DEL CAUCA | C23: ='[6]LIMACOR ZONA 1'!$C$12 -> IU2848SEC2021 | D23: TULUA | E23: URBANO | F23: CASA CARRERA 34 N° 17A-31 | G23: CASA TULUA URBANO | H23: 1
A24: 23 | B24: ANTIOQUIA | C24: IR16SEC24 | D24: CALDAS | E24: RURAL | F24: SALINAS | G24: HACIENDA HATO GRANDE | H24: 2
A25: 24 | B25: ANTIOQUIA | C25: IR17SEC25 | D25: CALDAS | E25: RURAL | F25: SALINAS | G25: FINCA LAS MARGARITAS | H25: 2
A26: 26 | B26: CUNDINAMARCA | C26: IU5269SEC2025 | D26: BOGOTÁ | E26: URBANO | F26: NO APLICA | G26: AK 45 102-30- BODEGA LOCAL | H26: 1
A27: 29 | B27: ANTIOQUIA | C27: IR4DIR9(9) | D27: TARAZA | E27: RURAL | F27: PECORALIA | G27: LA CAGADA | H27: 8
B28: ANTIOQUIA | C28: IR5591SEC2025 | D28: EL CARMEN DE VIBORAL | E28: LA ALDANA | F28: LA ALDANA | G28: LOTE No. 2 (FINCA B) | H28: 4
B29: ANTIOQUIA | C29: IR5589SEC2025 | D29: EL CARMEN DE VIBORAL | E29: LA ALDANA | F29: LA ALDANA | G29: LOTE No. 1 (FINCA A)
B30: ANTIOQUIA | C30: IR5611SEC2025 | D30: EL CARMEN DE VIBORAL | E30: LA ALDANA | F30: LA ALDANA | G30: LOTE No. 5 (FINCA E)
B31: ANTIOQUIA | C31: IR5605SEC2025 | D31: EL CARMEN DE VIBORAL | E31: LA ALDANA | F31: LA ALDANA | G31: LOTE No. 3 (FINCA C)
B32: ANTIOQUIA | C32: IR5616SEC2025 | D32: EL CARMEN DE VIBORAL | E32: LA ALDANA | F32: LA ALDANA | G32: LOTE No. 5 (FINCA E)
B33: ANTIOQUIA | C33: IR5586SEC2025 | D33: EL CARMEN DE VIBORAL | E33: LA ALDANA | F33: LA ALDANA | G33: LOTE No. 4 (FINCA D)
B34: ANTIOQUIA | C34: IR5614SEC2025 | D34: EL CARMEN DE VIBORAL | E34: LA ALDANA | F34: LA ALDANA | G34: LOTE No. 3 (FINCA C)
B35: ANTIOQUIA | C35: IR5613SEC2025 | D35: EL CARMEN DE VIBORAL | E35: LA ALDANA | F35: LA ALDANA | G35: LOTE No. 2 (FINCA B)
B36: ANTIOQUIA | C36: IR5610SEC2025 | D36: EL CARMEN DE VIBORAL | E36: LA ALDANA | F36: LA ALDANA | G36: LOTE No. 4 (FINCA D)
B37: ANTIOQUIA | C37: IR5609SEC2025 | D37: EL CARMEN DE VIBORAL | E37: LA ALDANA | F37: LA ALDANA | G37: LOTE No. 3 (FINCA C)
B38: ANTIOQUIA | C38: IR5601SEC2025 | D38: EL CARMEN DE VIBORAL | E38: LA ALDANA | F38: LA ALDANA | G38: LOTE No. 5 (FINCA E)
B39: ANTIOQUIA | C39: IR5599SEC2025 | D39: EL CARMEN DE VIBORAL | E39: LA ALDANA | F39: LA ALDANA | G39: LOTE No. 4 (FINCA D)
B40: ANTIOQUIA | C40: IR5598SEC2025 | D40: EL CARMEN DE VIBORAL | E40: LA ALDANA | F40: LA ALDANA | G40: LOTE No. 3 (FINCA C)
B41: ANTIOQUIA | D41: EL CARMEN DE VIBORAL | E41: LA ALDANA | F41: LA ALDANA | G41: LOTE No. 5 (FINCA E)
B42: ANTIOQUIA | C42: IR5606SEC2025 | D42: EL CARMEN DE VIBORAL | E42: LA ALDANA | F42: LA ALDANA | G42: LOTE No. 4 (FINCA D)
B43: ANTIOQUIA | C43: IR5612SEC2025 | D43: EL CARMEN DE VIBORAL | E43: LA ALDANA | F43: LA ALDANA | G43: LOTE No. 1 (FINCA A)
B44: ANTIOQUIA | C44: IR5615SEC2025 | D44: EL CARMEN DE VIBORAL | E44: LA ALDANA | F44: LA ALDANA | G44: LOTE No. 3
B45: ANTIOQUIA | C45: IR5608SEC2025 | D45: EL CARMEN DE VIBORAL | E45: LA ALDANA | F45: LA ALDANA | G45: LOTE No. 2 (FINCA B)
B46: ANTIOQUIA | C46: IR5607SEC2025 | D46: EL CARMEN DE VIBORAL | E46: LA ALDANA | F46: LA ALDANA | G46: LOTE No. 1 (FINCA A)
B47: ANTIOQUIA | C47: IR5603SEC2025 | D47: EL CARMEN DE VIBORAL | E47: LA ALDANA | F47: LA ALDANA | G47: LOTE No. 1 (FINCA A)
B48: ANTIOQUIA | C48: IR5604SEC2025 | D48: EL CARMEN DE VIBORAL | E48: LA ALDANA | F48: LA ALDANA | G48: LOTE No. 2 (FINCA B)
B49: ANTIOQUIA | C49: IR177SEC228 | D49: SOPETRAN | E49: PARAJE LLANO DE LA MONTAÑA | F49: PARAJE LLANO DE LA MONTAÑA | G49: LOTE 33 - PARCELACIÀN PALMAR DEL CAMPO | H49: 1
B50: ANTIOQUIA | C50: IR178SEC229 | D50: SOPETRAN | E50: PARAJE LLANO DE LA MONTAÑA | F50: PARAJE LLANO DE LA MONTAÑA | G50: LOTE 34 - PARCELACIÀN PALMAR DEL CAMPO | H50: 1
B51: SANTANDER | C51: IU288SEC868 | D51: FLORIDABLANCA | E51: URBANO | F51: CARRERA 12 # 21 - 07 | G51: LOTE 1 FLORIDABLANCA | H51: 1
B52: CHOCO | C52: IU134SEC472 | D52: RIOSUCIO | E52: URBANO | F52: CALLEL10A # 18-63/65 | G52: HOTEL EL DIPLOMATICO | H52: 1
B53: CALDAS | C53: IU5005SEC2025 | D53: LA DORADA | E53: BARRIO CONEJO | F53: CARRERA 2 #4-07 | G53: CARRERA 2 #4-07 | H53: 1
G55: TOTAL PUESTOS DE SEGURIDAD | H55: =SUM(H3:H53) -> 60
